Workbook

Sheet PLANILHA ORÇ.
A1: PREFEITURA MUNICIPAL DE VILA PAVÃO
A2: OBRA: CONSTRUÇÃO DE CENTRO DE CONVIVÊNCIA DO IDOSO
A3: PLANILHA ORÇAMENTÁRIA
A5: LOCAL: | B5: Rua Guilherme Wultker, Centro, VILA PAVÃO/ES | F5: BDI OBRAS: | H5: 0.309
F6: BDI AQUISIÇÃO DE MATERIAL E EQUIPAMENTOS: | H6: 0.1557
A7: TABELA: | B7: DER-EDIFICAÇÕES | F7: DATA BASE: | H7: 44866
B8: DER-RODOVIAS | F8: DATA BASE: | H8: 44743
B9: SINAPI | F9: DATA BASE: | H9: 44896
B10: SEINFRA | F10: DATA BASE: | H10: 44256
A12: ITEM | B12: CODIGO | C12: TABELA | D12: ESPECIFICAÇÕES DOS SERVIÇOS | E12: UND | F12: QUANT. | G12: VALOR S/BDI | H12: VALOR C/ BDI | I12: TOTAL
A13: 1.0 | D13: SERVIÇOES PRELIMINARES
A14: 1.1 | B14: 10501 | C14: DER-EDI | D14: Locação de obra com gabarito de madeira | E14: m² | F14: ='MEMÓRIA DE CALC.'!F7 -> 478.29 | G14: 10.97 | H14: =ROUND(G14+(G14*$H$5),2) -> 14.36 | I14: =ROUND(H14*F14,2) -> 6868.24
A15: 1.2 | B15: 20305 | C15: DER-EDI | D15: Placa da obra padrão prefeitura (3,00m x 2,00m) | E15: m² | F15: ='MEMÓRIA DE CALC.'!H10 -> 6 | G15: 242.13 | H15: =ROUND(G15+(G15*$H$5),2) -> 316.95 | I15: =ROUND(H15*F15,2) -> 1901.7
A16: 1.3 | B16: 20702 | C16: DER-EDI | D16: Barracão para almoxarifado área de 10.90m2, de chapa de compensado de 12mm e pontalete 8x8cm, piso cimentado e cobertura de telhas de fibrocimento de 6mm, incl. ponto de luz, conf. projeto (1 utilização) | E16: m² | F16: ='MEMÓRIA DE CALC.'!H13 -> 10.9 | G16: 616.62 | H16: =ROUND(G16+(G16*$H$5),2) -> 807.16 | I16: =ROUND(H16*F16,2) -> 8798.04
A17: 1.4 | B17: 20703 | C17: DER-EDI | D17: Barracão para depósito de cimento área de 10.90m2, de chapa de compensado 12mm e pontaletes 8x8cm, piso cimentado e cobertura de telhas de fibrocimento de 6mm, inclusive ponto de luz, conf. projeto (1 vez) | E17: m² | F17: ='MEMÓRIA DE CALC.'!H16 -> 10.9 | G17: 541.72 | H17: =ROUND(G17+(G17*$H$5),2) -> 709.11 | I17: =ROUND(H17*F17,2) -> 7729.3
A18: 1.5 | B18: 151706 | C18: DER-EDI | D18: Padrão de entrada de energia elétrica, trifásico, entrada aérea, a 4 fios, carga instalada em muro de 41001 até 57000W - 220/127V | E18: und | F18: ='MEMÓRIA DE CALC.'!F19 -> 1 | G18: 7020.24 | H18: =ROUND(G18+(G18*$H$5),2) -> 9189.49 | I18: =ROUND(H18*F18,2) -> 9189.49
A19: 1.6 | B19: 140201 | C19: DER-EDI | D19: Padrão de entrada d' água com cavalete de PVC para hidrômetro com diâmetro de 3/4" - padrão 1C da CESAN. Instalado em vão de muro protegido com gradeamento. Inclusive base de concreto magro, tubulação, conexões e registro. Conferir detalhe. | E19: und | F19: ='MEMÓRIA DE CALC.'!F22 -> 1 | G19: 416.49 | H19: =ROUND(G19+(G19*$H$5),2) -> 545.19 | I19: =ROUND(H19*F19,2) -> 545.19
A20: SubTotal (1.0): | I20: =SUM(I14:I19) -> 35031.96
A21: 2.0 | D21: EDIFICAÇÃO PRINCIPAL
A22: 2.1 | D22: MOVIMENTO DE TERRA
A23: 2.1.1 | B23: 30101 | C23: DER-EDI | D23: Escavação manual em material de 1a. categoria, até 1.50 m de profundidade | E23: m³ | F23: ='MEMÓRIA DE CALC.'!F27 -> 206.43 | G23: 51.51 | H23: =ROUND(G23+(G23*H$5),2) -> 67.43 | I23: =ROUND(H23*F23,2) -> 13919.57
A24: 2.1.2 | B24: 93382 | C24: SINAPI | D24: Reaterro manual de valas com compactação mecanizada. AF_04/216 | E24: m³ | F24: ='MEMÓRIA DE CALC.'!F32 -> 134.02 | G24: 33.87 | H24: =ROUND(G24+(G24*H$5),2) -> 44.34 | I24: =ROUND(H24*F24,2) -> 5942.45
A25: 2.1.3 | B25: 30206 | C25: DER-EDI | D25: Aterro manual para regularização do terreno em areia, inclusive adensamento hidráulico e fornecimento do material (máximo de 100m3) | E25: m³ | F25: ='MEMÓRIA DE CALC.'!I54 -> 158.0825 | G25: 178.15 | H25: =ROUND(G25+(G25*H$5),2) -> 233.2 | I25: =ROUND(H25*F25,2) -> 36864.84 | K25: Opção de fazer um aterro com reaproveitamento de materia, prefeitura cedendo o material para a empresa. Item 030210 - Valor R$ 27,97
A26: SubTotal (2.1): | I26: =SUM(I23:I25) -> 56726.86
A27: 2.2 | D27: INFRA-ESTRUTURA
A28: 2.2.1 | B28: 94962 | C28: SINAPI | D28: Concreto magro para lastro, traço 1:4,5:4,5 (em massa seca de cimento/ areia média/ brita 1) - preparo mecânico com betoneira 400 l. Af_05/2021 | E28: m³ | F28: ='MEMÓRIA DE CALC.'!F59 -> 19 | G28: 381.77 | H28: =ROUND(G28+(G28*H$5),2) -> 499.74 | I28: =ROUND(H28*F28,2) -> 9495.06
A29: 2.2.2 | B29: 40245 | C29: DER-EDI | D29: Fornecimento, dobragem e colocação em fôrma, de armadura CA-50 A média, diâmetro de 12.5 a 20.0 mm | E29: kg | F29: ='MEMÓRIA DE CALC.'!F63 -> 1906 | G29: 12.08 | H29: =ROUND(G29+(G29*H$5),2) -> 15.81 | I29: =ROUND(H29*F29,2) -> 30133.86
A30: 2.2.3 | B30: 40243 | C30: DER-EDI | D30: Fornecimento, dobragem e colocação em fôrma, de armadura CA-50 A média, diâmetro de 6.3 a 10.0 mm | E30: kg | F30: ='MEMÓRIA DE CALC.'!F68 -> 1504 | G30: 11.65 | H30: =ROUND(G30+(G30*H$5),2) -> 15.25 | I30: =ROUND(H30*F30,2) -> 22936
A31: 2.2.4 | B31: 40246 | C31: DER-EDI | D31: Fornecimento, dobragem e colocação em fôrma, de armadura CA-60 B fina, diâmetro de 4.0 a 7.0mm | E31: kg | F31: ='MEMÓRIA DE CALC.'!F73 -> 1519 | G31: 11.95 | H31: =ROUND(G31+(G31*H$5),2) -> 15.64 | I31: =ROUND(H31*F31,2) -> 23757.16
A32: 2.2.5 | B32: 40238 | C32: DER-EDI | D32: Fôrma de chapa compensada resinada 12mm, levando-se em conta a utilização 3 vezes (incluido o material, corte, montagem, escoramento e desfôrma) | E32: m² | F32: ='MEMÓRIA DE CALC.'!F77 -> 261.03 | G32: 80.18 | H32: =ROUND(G32+(G32*H$5),2) -> 104.96 | I32: =ROUND(H32*F32,2) -> 27397.71
A33: 2.2.6 | B33: 94966 | C33: SINAPI | D33: Concreto fck = 30 mpa, traço 1:2,1:2,5 (em massa seca de cimento/ areia média/ brita 1) - preparo mecânico com betoneira 400 l. Af_05/2021 | E33: m³ | F33: ='MEMÓRIA DE CALC.'!F81 -> 72.93 | G33: 506.86 | H33: =ROUND(G33+(G33*H$5),2) -> 663.48 | I33: =ROUND(H33*F33,2) -> 48387.6
A34: 2.2.7 | B34: 40813 | C34: DER-EDI | D34: Impermeabilização de estrutura com Sika Top 107 ou equivalente | E34: m² | F34: ='MEMÓRIA DE CALC.'!F85 -> 261.03 | G34: 87.05 | H34: =ROUND(G34+(G34*H$5),2) -> 113.95 | I34: =ROUND(H34*F34,2) -> 29744.37
A35: SubTotal (2.2): | I35: =SUM(I28:I34) -> 191851.76
A36: 2.3 | D36: SUPRA-ESTRUTURA
A37: 2.3.1 | B37: 40332 | C37: DER-EDI | D37: Fornecimento, dobragem e colocação em fôrma, de armadura CA-50 A média, diâmetro de 12.5 a 20.0 mm | E37: kg | F37: ='MEMÓRIA DE CALC.'!F90 -> 1491 | G37: 12.08 | H37: =ROUND(G37+(G37*$H$5),2) -> 15.81 | I37: =ROUND(H37*F37,2) -> 23572.71
A38: 2.3.2 | B38: 40328 | C38: DER-EDI | D38: Fornecimento, dobragem e colocação em fôrma, de armadura CA-50 A média, diâmetro de 6.3 a 10.0 mm | E38: kg | F38: ='MEMÓRIA DE CALC.'!F95 -> 2872 | G38: 11.65 | H38: =ROUND(G38+(G38*$H$5),2) -> 15.25 | I38: =ROUND(H38*F38,2) -> 43798
A39: 2.3.3 | B39: 40333 | C39: DER-EDI | D39: Fornecimento, dobragem e colocação em fôrma, de armadura CA-60 B fina, diâmetro de 4.0 a 7.0mm | E39: kg | F39: ='MEMÓRIA DE CALC.'!F100 -> 189 | G39: 11.95 | H39: =ROUND(G39+(G39*$H$5),2) -> 15.64 | I39: =ROUND(H39*F39,2) -> 2955.96
A40: 2.3.4 | B40: 40238 | C40: DER-EDI | D40: Fôrma de chapa compensada resinada 12mm, levando-se em conta a utilização 3 vezes (incluido o material, corte, montagem, escoramento e desfôrma) | E40: m² | F40: ='MEMÓRIA DE CALC.'!F105 -> 834.64 | G40: 80.18 | H40: =ROUND(G40+(G40*$H$5),2) -> 104.96 | I40: =ROUND(H40*F40,2) -> 87603.81
A41: 2.3.5 | B41: 94966 | C41: SINAPI | D41: Concreto fck = 30 mpa, traço 1:2,1:2,5 (em massa seca de cimento/ areia média/ brita 1) - preparo mecânico com betoneira 400 l. Af_05/2021 | E41: m³ | F41: ='MEMÓRIA DE CALC.'!F110 -> 86.26 | G41: 506.86 | H41: =ROUND(G41+(G41*$H$5),2) -> 663.48 | I41: =ROUND(H41*F41,2) -> 57231.78
A42: 2.3.6 | B42: 40602 | C42: DER-EDI | D42: Laje pré-moldada, sobrecarga 300 Kg/m2, vão de 3.5m a 4.3m, capeamento 4cm, esp. 12cm, Fck = 150 Kg/cm2 | E42: m² | F42: ='MEMÓRIA DE CALC.'!F114 -> 400.98 | G42: 137.83 | H42: =ROUND(G42+(G42*$H$5),2) -> 180.42 | I42: =ROUND(H42*F42,2) -> 72344.81
A43: SubTotal (2.3): | I43: =SUM(I37:I42) -> 287507.07
A44: 2.4 | D44: VERGA/ALVENARIA/PLATIBANDA
A45: 2.4.1 | B45: 50301 | C45: DER-EDI | D45: Verga/contraverga reta de concreto armado 10 x 5 cm, Fck = 15 MPa, inclusive forma, armação e desforma | E45: m | F45: ='MEMÓRIA DE CALC.'!J144 -> 109.8 | G45: 9.9 | H45: =ROUND(G45+(G45*$H$5),2) -> 12.96 | I45: =ROUND(H45*F45,2) -> 1423.01
A46: 2.4.2 | B46: 103324 | C46: SINAPI | D46: Alvenaria de vedação de blocos cerâmicos furados na vertical de 14x19x39 cm (espessura 14 cm) e argamassa de assentamento com preparo em betoneira. AF_12/2021 | E46: m² | F46: ='MEMÓRIA DE CALC.'!H214 -> 798.825 | G46: 68.05 | H46: =ROUND(G46+(G46*$H$5),2) -> 89.08 | I46: =ROUND(H46*F46,2) -> 71159.33
A47: 2.4.3 | B47: 200715 | C47: DER-EDI | D47: Mureta em alvenaria de blocos cerâmicos 10x20x20cmm, h=0.60cm, para fechamento de quadra, com pilaretes de travamento em concreto armado a cada 3m, inclusive chapisco | E47: m² | F47: ='MEMÓRIA DE CALC.'!H224 -> 88.3695 | G47: 176.31 | H47: =ROUND(G47+(G47*$H$5),2) -> 230.79 | I47: =ROUND(H47*F47,2) -> 20394.8
A48: 2.4.4 | B48: 101161 | C48: SINAPI | D48: Alvenaria De Vedação Com Elemento Vazado De Concreto (Cobogó) De 7x50x50cm E Argamassa De Assentamento Com Preparo Em Betoneira. Af_05/2020 | E48: m² | F48: ='MEMÓRIA DE CALC.'!H227 -> 8.05 | G48: 204.12 | H48: =ROUND(G48+(G48*$H$5),2) -> 267.19 | I48: =ROUND(H48*F48,2) -> 2150.88
A49: SubTotal (2.4): | I49: =SUM(I45:I48) -> 95128.02
A50: 2.5 | D50: ESQUADRIAS DE MADEIRAS
A51: 2.5.1 | B51: 60103 | C51: DER-EDI | D51: Marco de madeira de lei de 1ª (Peroba, Ipê, Angelim Pedra ou equivalente) com 15x3 cm de batente, nas dimensões de 0.80 x 2.10 m | E51: und | F51: ='MEMÓRIA DE CALC.'!F234 -> 9 | G51: 418.85 | H51: =ROUND(G51+(G51*$H$5),2) -> 548.27 | I51: =ROUND(H51*F51,2) -> 4934.43
A52: 2.5.2 | B52: 61303 | C52: DER-EDI | D52: Porta em madeira de lei tipo angelim pedra ou equiv.c/enchimento em madeira 1a.qualidade esp. 30mm p/ pintura, inclusive alizares, dobradiças e fechadura externa em latão cromado LaFonte ou equiv., exclusive marco, nas dim.: 0.80 x 2.10 m | E52: und | F52: ='MEMÓRIA DE CALC.'!F239 -> 9 | G52: 1165.24 | H52: =ROUND(G52+(G52*$H$5),2) -> 1525.3 | I52: =ROUND(H52*F52,2) -> 13727.7
A53: SubTotal (2.5): | I53: =SUM(I51:I52) -> 18662.13
A54: 2.6 | D54: ESQUADRIAS METÁLICAS
A55: 2.6.1 | B55: C4514 | C55: SEINFRA | D55: Porta em alumínio anodizado natural/fosco, de correr, sem bandeirola m2 e/ou peitoril, sem vidro - fornecimento e montagem | E55: m² | F55: ='MEMÓRIA DE CALC.'!I247 -> 36.75 | G55: 316.97 | H55: =ROUND(G55+(G55*$H$5),2) -> 414.91 | I55: =ROUND(H55*F55,2) -> 15247.94
A56: 2.6.2 | B56: C4518 | C56: SEINFRA | D56: Porta em alumínio anodizado natural/fosco, de abrir, com bandeirola m2 e/ou peitoril, sem vidro - fornecimento e montagem | E56: m² | F56: ='MEMÓRIA DE CALC.'!I252 -> 8.19 | G56: 352.25 | H56: =ROUND(G56+(G56*$H$5),2) -> 461.1 | I56: =ROUND(H56*F56,2) -> 3776.41
A57: 2.6.3 | B57: 71704 | C57: DER-EDI | D57: Porta de abrir tipo veneziana em alumínio anodizado, linha 25, completa, incl. puxador com tranca, caixilho, alizar e contramarco | E57: m² | F57: ='MEMÓRIA DE CALC.'!I258 -> 7.44 | G57: 949.4 | H57: =ROUND(G57+(G57*$H$5),2) -> 1242.76 | I57: =ROUND(H57*F57,2) -> 9246.13
A58: 2.6.4 | B58: 71702 | C58: DER-EDI | D58: Báscula para vidro em alumínio anodizado cor natural, linha 25, completa, com tranca, caixilho, alizar e contramarco, exclusive vidro | E58: m² | F58: ='MEMÓRIA DE CALC.'!I268 -> 11.69 | G58: 609.38 | H58: =ROUND(G58+(G58*$H$5),2) -> 797.68 | I58: =ROUND(H58*F58,2) -> 9324.88
A59: 2.6.5 | B59: 71701 | C59: DER-EDI | D59: Janela de correr para vidro em alumínio anodizado cor natural, linha 25, completa, incl. puxador com tranca, alizar, caixilho e contramarco, exclusive vidro | E59: m² | F59: ='MEMÓRIA DE CALC.'!I277 -> 26.72 | G59: 520.33 | H59: =ROUND(G59+(G59*$H$5),2) -> 681.11 | I59: =ROUND(H59*F59,2) -> 18199.26
A60: 2.6.6 | B60: C4557 | C60: SEINFRA | D60: Portão Deslizante Nylofor, Composto De Quadro, Painéis E Acessórios Com Pintura Eletrostática Com Tinta Poliester, Nas Cores Verde Ou Branca, Com Poste Em Aço Revestido, Cor Verde Ou Branca - Fornecimento E Montagem | E60: m² | F60: ='MEMÓRIA DE CALC.'!I281 -> 16.8 | G60: 494.52 | H60: =ROUND(G60+(G60*$H$5),2) -> 647.33 | I60: =ROUND(H60*F60,2) -> 10875.14
A61: SubTotal (2.6): | I61: =SUM(I55:I60) -> 66669.76
A62: 2.7 | D62: VIDROS/ESPELHOS
A63: 2.7.1 | B63: 102169 | C63: SINAPI | D63: Instalação de vidro liso incolor, e = 10 mm, em esquadria de alumínio ou pvc, fixado com baguete. AF_01/2021_p | E63: m² | F63: ='MEMÓRIA DE CALC.'!I291 -> 44.94 | G63: 437.85 | H63: =ROUND(G63+(G63*$H$5),2) -> 573.15 | I63: =ROUND(H63*F63,2) -> 25757.36
A64: 2.7.2 | B64: 102152 | C64: SINAPI | D64: Instalação de vidro liso, e = 4 mm, em esquadria de madeira, fixado com baguete. Af_01/2021 | E64: m² | F64: ='MEMÓRIA DE CALC.'!I306 -> 38.41 | G64: 191.73 | H64: =ROUND(G64+(G64*$H$5),2) -> 250.97 | I64: =ROUND(H64*F64,2) -> 9639.76
A65: 2.7.3 | B65: 80201 | C65: DER-EDI | D65: Espelho para banheiros espessura 4 mm, incluindo chapa compensada 10 mm, moldura de alumínio em perfil L 3/4", fixado com parafusos cromados | E65: m² | F65: ='MEMÓRIA DE CALC.'!H314 -> 9.4 | G65: 660.36 | H65: =ROUND(G65+(G65*$H$5),2) -> 864.41 | I65: =ROUND(H65*F65,2) -> 8125.45
A66: SubTotal (2.7): | I66: =SUM(I63:I65) -> 43522.57
A67: 2.8 | D67: COBERTURA
A68: 2.8.1 | B68: 92543 | C68: SINAPI | D68: Trama De Madeira Composta Por Terças Para Telhados De Até 2 Águas Para Telha Ondulada De Fibrocimento, Metálica, Plástica Ou Termoacústica, Incluso Transporte Vertical. Af_07/2019 | E68: m² | F68: ='MEMÓRIA DE CALC.'!F326 -> 364.3 | G68: 24.26 | H68: =ROUND(G68+(G68*$H$5),2) -> 31.76 | I68: =ROUND(H68*F68,2) -> 11570.17
A69: 2.8.2 | B69: 94207 | C69: SINAPI | D69: Telhamento com telha ondulada de fibrocimento e = 6 mm, com recobrimento lateral de 1/4 de onda para telhado com inclinação maior que 10°, com até 2 águas, incluso içamento. Af_07/2019 | E69: m² | F69: ='MEMÓRIA DE CALC.'!F329 -> 364.3 | G69: 46.96 | H69: =ROUND(G69+(G69*$H$5),2) -> 61.47 | I69: =ROUND(H69*F69,2) -> 22393.52
A70: 2.8.3 | B70: 100325 | C70: SINAPI | D70: Cumeeira shed para telha ondulada de fibrocimento, e = 6 mm, incluso acessórios de fixação e içamento. Af_07/2019 | E70: m | F70: ='MEMÓRIA DE CALC.'!F332 -> 10.7 | G70: 89.75 | H70: =ROUND(G70+(G70*$H$5),2) -> 117.48 | I70: =ROUND(H70*F70,2) -> 1257.04
A71: 2.8.4 | B71: 90305 | C71: DER-EDI | D71: Calha de concreto armado Fck=15 MPa em "U" nas dimensões de 38 x 56 cm conforme detalhes em projeto | E71: m | F71: ='MEMÓRIA DE CALC.'!F339 -> 49.8 | G71: 265.08 | H71: =ROUND(G71+(G71*$H$5),2) -> 346.99 | I71: =ROUND(H71*F71,2) -> 17280.1
A72: 2.8.5 | B72: 90314 | C72: DER-EDI | D72: Rufo de chapa de alumínio esp. 0.5mm, largura de 30cm | E72: m | F72: ='MEMÓRIA DE CALC.'!F352 -> 177.49 | G72: 54.47 | H72: =ROUND(G72+(G72*$H$5),2) -> 71.3 | I72: =ROUND(H72*F72,2) -> 12655.04
A73: 2.8.6 | B73: 101979 | C73: SINAPI | D73: Chapim (rufo capa) em aço galvanizado, corte 33. AF_11/2020 | E73: m | F73: ='MEMÓRIA DE CALC.'!F375 -> 167.45 | G73: 59.66 | H73: =ROUND(G73+(G73*$H$5),2) -> 78.09 | I73: =ROUND(H73*F73,2) -> 13076.17
A74: 2.8.7 | B74: 98546 | C74: SINAPI | D74: Impermeabilização de superfície com manta asfáltica, uma camada, inclusive aplicação de primer asfáltico, e=3mm. AF_06/2018 | E74: m² | F74: ='MEMÓRIA DE CALC.'!H382 -> 65.736 | G74: 115.82 | H74: =ROUND(G74+(G74*$H$5),2) -> 151.61 | I74: =ROUND(H74*F74,2) -> 9966.23
A75: 2.8.8 | B75: 94213 | C75: SINAPI | D75: Telhamento com telha de aço/alumínio e = 0,5 mm, com até 2 águas, incluso içamento AF_07/2019 | E75: m² | F75: ='MEMÓRIA DE CALC.'!F387 -> 71.08 | G75: 82.06 | H75: =ROUND(G75+(G75*$H$5),2) -> 107.42 | I75: =ROUND(H75*F75,2) -> 7635.41
A76: 2.8.9 | B76: 104314 | C76: SINAPI | D76: Trama de aço composta por terças para telhados de até 2 águas para telha ondulada de fibrocimento, metálica, plástica ou termoacústica, incluso transporte vertical (em kg). AF_07/2019 | E76: kg | F76: ='MEMÓRIA DE CALC.'!F390 -> 3447.18 | G76: 13.87 | H76: =ROUND(G76+(G76*$H$5),2) -> 18.16 | I76: =ROUND(H76*F76,2) -> 62600.79
A77: 2.8.10 | B77: 90312 | C77: DER-EDI | D77: Calha em chapa galvanizada com largura de 40 cm | E77: m | F77: ='MEMÓRIA DE CALC.'!F396 -> 35.32 | G77: 203.8 | H77: =ROUND(G77+(G77*$H$5),2) -> 266.77 | I77: =ROUND(H77*F77,2) -> 9422.32
A78: SubTotal (2.8): | I78: =SUM(I68:I77) -> 167856.79
A79: 2.9 | D79: REVESTIMENTO DE TETO
A80: 2.9.1 | B80: 96113 | C80: SINAPI | D80: Forro em placas de gesso, para ambientes comerciais. AF_05/2017_PS | E80: m² | F80: ='MEMÓRIA DE CALC.'!H418 -> 356.42 | G80: 34.79 | H80: =ROUND(G80+(G80*$H$5),2) -> 45.54 | I80: =ROUND(H80*F80,2) -> 16231.37
A81: SubTotal (2.9): | I81: =SUM(I80) -> 16231.37
A82: 2.10 | D82: REVESTIMENTO DE PAREDES
A83: 2.10.1 | B83: 87878 | C83: SINAPI | D83: Chapisco aplicado em alvenarias e estruturas de concreto internas, com colher de pedreiro. Argamassa traço 1:3 com preparo manual. Af_10/2022 | E83: m² | F83: ='MEMÓRIA DE CALC.'!J429 -> 1730.05 | G83: 4.61 | H83: =ROUND(G83+(G83*$H$5),2) -> 6.03 | I83: =ROUND(H83*F83,2) -> 10432.2
A84: 2.10.2 | B84: 120301 | C84: DER-EDI | D84: Emboço de argamassa de cimento, cal hidratada CH1 e areia média ou grossa lavada no traço 1:0.5:6, espessura 20 mm | E84: m² | F84: ='MEMÓRIA DE CALC.'!J455 -> 481.6778 | G84: 32.42 | H84: =ROUND(G84+(G84*$H$5),2) -> 42.44 | I84: =ROUND(H84*F84,2) -> 20442.41
A85: 2.10.3 | B85: 87529 | C85: SINAPI | D85: Massa única, para recebimento de pintura, em argamassa traço 1:2:8, peparo mecânico com betoneira 400l, aplicada manualmente em faces internas de paredes, espessura de 20mm, com execução de taliscas. Af_06/2014 | E85: m² | F85: ='MEMÓRIA DE CALC.'!I459 -> 1425.1112 | G85: 35.78 | H85: =ROUND(G85+(G85*$H$5),2) -> 46.84 | I85: =ROUND(H85*F85,2) -> 66752.21
A86: 2.10.4 | B86: 87273 | C86: SINAPI | D86: Revestimento Cerâmico Para Paredes Internas Com Placas Tipo Esmaltada Extra De Dimensões 33x45 Cm Aplicadas Em Ambientes De Área Maior Que 5 M² Na Altura Inteira Das Paredes. Af_06/2014 | E86: m² | F86: ='MEMÓRIA DE CALC.'!J471 -> 221.45 | G86: 70.14 | H86: =ROUND(G86+(G86*$H$5),2) -> 91.81 | I86: =ROUND(H86*F86,2) -> 20331.32
A87: 2.10.5 | B87: 120220 | C87: DER-EDI | D87: Cerâmica 10 x 10 cm, marcas de referência Eliane, Cecrisa ou Portobello, nas cores branco ou areia, com rejunte esp. 0.5 cm, empregando argamassa colante | E87: m² | F87: ='MEMÓRIA DE CALC.'!J489 -> 260.2278 | G87: 100.13 | H87: =ROUND(G87+(G87*$H$5),2) -> 131.07 | I87: =ROUND(H87*F87,2) -> 34108.06
A88: SubTotal (2.10): | I88: =SUM(I83:I87) -> 152066.2
A89: 2.11 | D89: PISOS INTERNOS
A90: 2.11.1 | B90: 130103 | C90: DER-EDI | D90: Regularização de base p/ revestimento cerâmico, com argamassa de cimento e areia no traço 1:5, espessura 3 cm | E90: m² | F90: ='MEMÓRIA DE CALC.'!H514 -> 461.885 | G90: 24.57 | H90: =ROUND(G90+(G90*$H$5),2) -> 32.16 | I90: =ROUND(H90*F90,2) -> 14854.22
A91: 2.11.2 | B91: 130112 | C91: DER-EDI | D91: Lastro de concreto não estrutural, espessura de 6 cm | E91: m² | F91: ='MEMÓRIA DE CALC.'!F517 -> 461.885 | G91: 50.19 | H91: =ROUND(G91+(G91*$H$5),2) -> 65.7 | I91: =ROUND(H91*F91,2) -> 30345.84
A92: 2.11.3 | B92: 87257 | C92: SINAPI | D92: Revestimento cerâmico para piso com placas tipo esmaltada extra de dimensões 60x60 cm aplicada em ambientes de área maior que 10 m2. Af_06/2014 | E92: m² | F92: ='MEMÓRIA DE CALC.'!H521 -> 411.125 | G92: 98.26 | H92: =ROUND(G92+(G92*$H$5),2) -> 128.62 | I92: =ROUND(H92*F92,2) -> 52878.9
A93: 2.11.4 | B93: 130308 | C93: DER-EDI | D93: Soleira de granito esp. 2 cm e largura de 15 cm | E93: m | F93: ='MEMÓRIA DE CALC.'!H534 -> 79.36 | G93: 51.12 | H93: =ROUND(G93+(G93*$H$5),2) -> 66.92 | I93: =ROUND(H93*F93,2) -> 5310.77
A94: 2.11.5 | B94: 101965 | C94: SINAPI | D94: Peitoril linear em granito ou mármore, l = 15cm, comprimento de até 2m, assentado com argamassa 1:6 com aditivo. Af_11/2020 | E94: m | F94: ='MEMÓRIA DE CALC.'!H549 -> 35.9 | G94: 79.15 | H94: =ROUND(G94+(G94*$H$5),2) -> 103.61 | I94: =ROUND(H94*F94,2) -> 3719.6
A95: 2.11.6 | B95: 101736 | C95: SINAPI | D95: Piso De Borracha Pastilhado, Espessura 3,5mm, Fixado Com Adesivo Acrílico. Af_09/2020 | E95: m² | F95: ='MEMÓRIA DE CALC.'!H556 -> 5.76 | G95: 114.86 | H95: =ROUND(G95+(G95*$H$5),2) -> 150.35 | I95: =ROUND(H95*F95,2) -> 866.02
A96: SubTotal (2.11): | I96: =SUM(I90:I95) -> 107975.35
A97: 2.12 | D97: PISOS EXTERNOS
A98: 2.12.1 | B98: 41240 | C98: DER-ROD | D98: Passeio em concreto, largura 2,00m, acabamento em ladrilho hidráulico podotátil (L=0,40m) | E98: m² | F98: ='MEMÓRIA DE CALC.'!F560 -> 250.3 | G98: 116.79 | H98: =ROUND(G98+(G98*$H$5),2) -> 152.88 | I98: =ROUND(H98*F98,2) -> 38265.86
A99: 2.12.2 | B99: 40754 | C99: DER - ROD | D99: Regularização e compactação do sub-leito (100% P.I.) H = 0,20 m | E99: m² | F99: ='MEMÓRIA DE CALC.'!F563 -> 789.37 | G99: 2.02 | H99: =ROUND(G99+(G99*$H$5),2) -> 2.64 | I99: =ROUND(H99*F99,2) -> 2083.94
A100: 2.12.3 | B100: 40787 | C100: DER - ROD | D100: Base de brita graduada, inclusive fornecimento e transporte da brita (ESP. 5 cm) | E100: m³ | F100: ='MEMÓRIA DE CALC.'!H566 -> 39.4685 | G100: 182.11 | H100: =ROUND(G100+(G100*$H$5),2) -> 238.38 | I100: =ROUND(H100*F100,2) -> 9408.5
A101: 2.12.4 | B101: 200237 | C101: DER-EDI | D101: Blocos pré-moldados de concreto tipo pavi-s ou equivalente, espessura de 6 cm e resistência a compressão mínima de 35MPa, assentados sobre colchão de pó de pedra na espessura de 10 cm | E101: m² | F101: ='MEMÓRIA DE CALC.'!F569 -> 789.37 | G101: 88.64 | H101: =ROUND(G101+(G101*$H$5),2) -> 116.03 | I101: =ROUND(H101*F101,2) -> 91590.6
A102: 2.12.5 | B102: 40915 | C102: DER-ROD | D102: Calçada de concreto fck=15 MP, camurçado c/ argam. cimento e areia 1:4, lastro de brita e 8 cm de concreto, incl. preparo da caixa e transp. da brita | E102: m² | F102: ='MEMÓRIA DE CALC.'!F574 -> 99.68 | G102: 127.31 | H102: =ROUND(G102+(G102*$H$5),2) -> 166.65 | I102: =ROUND(H102*F102,2) -> 16611.67
...

Sheet Planilha2
A1: PREFEITURA MUNICIPAL DE VILA PAVÃO
A2: OBRA: CONSTRUÇÃO DE CENTRO DE CONVIVÊNCIA DO IDOSO
A3: PLANILHA ORÇAMENTÁRIA
A5: LOCAL: | B5: Rua Guilherme Wultker, Centro, VILA PAVÃO/ES | F5: BDI OBRAS: | H5: 0.309
F6: BDI AQUISIÇÃO DE MATERIAL E EQUIPAMENTOS: | H6: 0.1557
A7: TABELA: | B7: DER-EDIFICAÇÕES | F7: DATA BASE: | H7: 44866
B8: DER-RODOVIAS | F8: DATA BASE: | H8: 44743
B9: SINAPI | F9: DATA BASE: | H9: 44896
B10: SEINFRA | F10: DATA BASE: | H10: 44256
A12: ITEM | B12: CODIGO | C12: TABELA | D12: ESPECIFICAÇÕES DOS SERVIÇOS | E12: UND | F12: QUANT. | G12: VALOR S/BDI | H12: VALOR C/ BDI | I12: TOTAL
A13: 1.0 | D13: SERVIÇOES PRELIMINARES
A14: 1.1 | B14: 10501 | C14: DER-EDI | D14: Locação de obra com gabarito de madeira | E14: m² | F14: ='MEMÓRIA DE CALC.'!F7 -> 478.29 | G14: 10.97 | H14: =ROUND(G14+(G14*$H$5),2) -> 14.36 | I14: =ROUND(H14*F14,2) -> 6868.24
A15: 1.2 | B15: 20305 | C15: DER-EDI | D15: Placa da obra padrão prefeitura (3,00m x 2,00m) | E15: m² | F15: ='MEMÓRIA DE CALC.'!H10 -> 6 | G15: 242.13 | H15: =ROUND(G15+(G15*$H$5),2) -> 316.95 | I15: =ROUND(H15*F15,2) -> 1901.7
A16: 1.3 | B16: 20702 | C16: DER-EDI | D16: Barracão para almoxarifado área de 10.90m2, de chapa de compensado de 12mm e pontalete 8x8cm, piso cimentado e cobertura de telhas de fibrocimento de 6mm, incl. ponto de luz, conf. projeto (1 utilização) | E16: m² | F16: ='MEMÓRIA DE CALC.'!H13 -> 10.9 | G16: 616.62 | H16: =ROUND(G16+(G16*$H$5),2) -> 807.16 | I16: =ROUND(H16*F16,2) -> 8798.04
A17: 1.4 | B17: 20703 | C17: DER-EDI | D17: Barracão para depósito de cimento área de 10.90m2, de chapa de compensado 12mm e pontaletes 8x8cm, piso cimentado e cobertura de telhas de fibrocimento de 6mm, inclusive ponto de luz, conf. projeto (1 vez) | E17: m² | F17: ='MEMÓRIA DE CALC.'!H16 -> 10.9 | G17: 541.72 | H17: =ROUND(G17+(G17*$H$5),2) -> 709.11 | I17: =ROUND(H17*F17,2) -> 7729.3
A18: 1.5 | B18: 151706 | C18: DER-EDI | D18: Padrão de entrada de energia elétrica, trifásico, entrada aérea, a 4 fios, carga instalada em muro de 41001 até 57000W - 220/127V | E18: und | F18: ='MEMÓRIA DE CALC.'!F19 -> 1 | G18: 7020.24 | H18: =ROUND(G18+(G18*$H$5),2) -> 9189.49 | I18: =ROUND(H18*F18,2) -> 9189.49
A19: 1.6 | B19: 140201 | C19: DER-EDI | D19: Padrão de entrada d' água com cavalete de PVC para hidrômetro com diâmetro de 3/4" - padrão 1C da CESAN. Instalado em vão de muro protegido com gradeamento. Inclusive base de concreto magro, tubulação, conexões e registro. Conferir detalhe. | E19: und | F19: ='MEMÓRIA DE CALC.'!F22 -> 1 | G19: 416.49 | H19: =ROUND(G19+(G19*$H$5),2) -> 545.19 | I19: =ROUND(H19*F19,2) -> 545.19
A20: SubTotal (1.0): | I20: =SUM(I14:I19) -> 35031.96
A21: 2.0 | D21: EDIFICAÇÃO PRINCIPAL
A22: 2.1 | D22: MOVIMENTO DE TERRA
A23: 2.1.1 | B23: 30101 | C23: DER-EDI | D23: Escavação manual em material de 1a. categoria, até 1.50 m de profundidade | E23: m³ | F23: ='MEMÓRIA DE CALC.'!F27 -> 206.43 | G23: 51.51 | H23: =ROUND(G23+(G23*H$5),2) -> 67.43 | I23: =ROUND(H23*F23,2) -> 13919.57
A24: 2.1.2 | B24: 93382 | C24: SINAPI | D24: Reaterro manual de valas com compactação mecanizada. AF_04/216 | E24: m³ | F24: ='MEMÓRIA DE CALC.'!F32 -> 134.02 | G24: 33.87 | H24: =ROUND(G24+(G24*H$5),2) -> 44.34 | I24: =ROUND(H24*F24,2) -> 5942.45
A25: 2.1.3 | B25: 30206 | C25: DER-EDI | D25: Aterro manual para regularização do terreno em areia, inclusive adensamento hidráulico e fornecimento do material (máximo de 100m3) | E25: m³ | F25: ='MEMÓRIA DE CALC.'!I54 -> 158.0825 | G25: 178.15 | H25: =ROUND(G25+(G25*H$5),2) -> 233.2 | I25: =ROUND(H25*F25,2) -> 36864.84
A26: SubTotal (2.1): | I26: =SUM(I23:I25) -> 56726.86
A27: 2.2 | D27: INFRA-ESTRUTURA
A28: 2.2.1 | B28: 94962 | C28: SINAPI | D28: Concreto magro para lastro, traço 1:4,5:4,5 (em massa seca de cimento/ areia média/ brita 1) - preparo mecânico com betoneira 400 l. Af_05/2021 | E28: m³ | F28: ='MEMÓRIA DE CALC.'!F59 -> 19 | G28: 381.77 | H28: =ROUND(G28+(G28*H$5),2) -> 499.74 | I28: =ROUND(H28*F28,2) -> 9495.06
A29: 2.2.2 | B29: 40245 | C29: DER-EDI | D29: Fornecimento, dobragem e colocação em fôrma, de armadura CA-50 A média, diâmetro de 12.5 a 20.0 mm | E29: kg | F29: ='MEMÓRIA DE CALC.'!F63 -> 1906 | G29: 12.08 | H29: =ROUND(G29+(G29*H$5),2) -> 15.81 | I29: =ROUND(H29*F29,2) -> 30133.86
A30: 2.2.3 | B30: 40243 | C30: DER-EDI | D30: Fornecimento, dobragem e colocação em fôrma, de armadura CA-50 A média, diâmetro de 6.3 a 10.0 mm | E30: kg | F30: ='MEMÓRIA DE CALC.'!F68 -> 1504 | G30: 11.65 | H30: =ROUND(G30+(G30*H$5),2) -> 15.25 | I30: =ROUND(H30*F30,2) -> 22936
A31: 2.2.4 | B31: 40246 | C31: DER-EDI | D31: Fornecimento, dobragem e colocação em fôrma, de armadura CA-60 B fina, diâmetro de 4.0 a 7.0mm | E31: kg | F31: ='MEMÓRIA DE CALC.'!F73 -> 1519 | G31: 11.95 | H31: =ROUND(G31+(G31*H$5),2) -> 15.64 | I31: =ROUND(H31*F31,2) -> 23757.16
A32: 2.2.5 | B32: 40238 | C32: DER-EDI | D32: Fôrma de chapa compensada resinada 12mm, levando-se em conta a utilização 3 vezes (incluido o material, corte, montagem, escoramento e desfôrma) | E32: m² | F32: ='MEMÓRIA DE CALC.'!F77 -> 261.03 | G32: 80.18 | H32: =ROUND(G32+(G32*H$5),2) -> 104.96 | I32: =ROUND(H32*F32,2) -> 27397.71
A33: 2.2.6 | B33: 94966 | C33: SINAPI | D33: Concreto fck = 30 mpa, traço 1:2,1:2,5 (em massa seca de cimento/ areia média/ brita 1) - preparo mecânico com betoneira 400 l. Af_05/2021 | E33: m³ | F33: ='MEMÓRIA DE CALC.'!F81 -> 72.93 | G33: 506.86 | H33: =ROUND(G33+(G33*H$5),2) -> 663.48 | I33: =ROUND(H33*F33,2) -> 48387.6
A34: 2.2.7 | B34: 40813 | C34: DER-EDI | D34: Impermeabilização de estrutura com Sika Top 107 ou equivalente | E34: m² | F34: ='MEMÓRIA DE CALC.'!F85 -> 261.03 | G34: 87.05 | H34: =ROUND(G34+(G34*H$5),2) -> 113.95 | I34: =ROUND(H34*F34,2) -> 29744.37
A35: SubTotal (2.2): | I35: =SUM(I28:I34) -> 191851.76
A36: 2.3 | D36: SUPRA-ESTRUTURA
A37: 2.3.1 | B37: 40332 | C37: DER-EDI | D37: Fornecimento, dobragem e colocação em fôrma, de armadura CA-50 A média, diâmetro de 12.5 a 20.0 mm | E37: kg | F37: ='MEMÓRIA DE CALC.'!F90 -> 1491 | G37: 12.08 | H37: =ROUND(G37+(G37*$H$5),2) -> 15.81 | I37: =ROUND(H37*F37,2) -> 23572.71
A38: 2.3.2 | B38: 40328 | C38: DER-EDI | D38: Fornecimento, dobragem e colocação em fôrma, de armadura CA-50 A média, diâmetro de 6.3 a 10.0 mm | E38: kg | F38: ='MEMÓRIA DE CALC.'!F95 -> 2872 | G38: 11.65 | H38: =ROUND(G38+(G38*$H$5),2) -> 15.25 | I38: =ROUND(H38*F38,2) -> 43798
A39: 2.3.3 | B39: 40333 | C39: DER-EDI | D39: Fornecimento, dobragem e colocação em fôrma, de armadura CA-60 B fina, diâmetro de 4.0 a 7.0mm | E39: kg | F39: ='MEMÓRIA DE CALC.'!F100 -> 189 | G39: 11.95 | H39: =ROUND(G39+(G39*$H$5),2) -> 15.64 | I39: =ROUND(H39*F39,2) -> 2955.96
A40: 2.3.4 | B40: 40238 | C40: DER-EDI | D40: Fôrma de chapa compensada resinada 12mm, levando-se em conta a utilização 3 vezes (incluido o material, corte, montagem, escoramento e desfôrma) | E40: m² | F40: ='MEMÓRIA DE CALC.'!F105 -> 834.64 | G40: 80.18 | H40: =ROUND(G40+(G40*$H$5),2) -> 104.96 | I40: =ROUND(H40*F40,2) -> 87603.81
A41: 2.3.5 | B41: 94966 | C41: SINAPI | D41: Concreto fck = 30 mpa, traço 1:2,1:2,5 (em massa seca de cimento/ areia média/ brita 1) - preparo mecânico com betoneira 400 l. Af_05/2021 | E41: m³ | F41: ='MEMÓRIA DE CALC.'!F110 -> 86.26 | G41: 506.86 | H41: =ROUND(G41+(G41*$H$5),2) -> 663.48 | I41: =ROUND(H41*F41,2) -> 57231.78
A42: 2.3.6 | B42: 40602 | C42: DER-EDI | D42: Laje pré-moldada, sobrecarga 300 Kg/m2, vão de 3.5m a 4.3m, capeamento 4cm, esp. 12cm, Fck = 150 Kg/cm2 | E42: m² | F42: ='MEMÓRIA DE CALC.'!F114 -> 400.98 | G42: 137.83 | H42: =ROUND(G42+(G42*$H$5),2) -> 180.42 | I42: =ROUND(H42*F42,2) -> 72344.81
A43: SubTotal (2.3): | I43: =SUM(I37:I42) -> 287507.07
A44: 2.4 | D44: VERGA/ALVENARIA/PLATIBANDA
A45: 2.4.1 | B45: 50301 | C45: DER-EDI | D45: Verga/contraverga reta de concreto armado 10 x 5 cm, Fck = 15 MPa, inclusive forma, armação e desforma | E45: m | F45: ='MEMÓRIA DE CALC.'!J144 -> 109.8 | G45: 9.9 | H45: =ROUND(G45+(G45*$H$5),2) -> 12.96 | I45: =ROUND(H45*F45,2) -> 1423.01
A46: 2.4.2 | B46: 103324 | C46: SINAPI | D46: Alvenaria de vedação de blocos cerâmicos furados na vertical de 14x19x39 cm (espessura 14 cm) e argamassa de assentamento com preparo em betoneira. AF_12/2021 | E46: m² | F46: ='MEMÓRIA DE CALC.'!H214 -> 798.825 | G46: 68.05 | H46: =ROUND(G46+(G46*$H$5),2) -> 89.08 | I46: =ROUND(H46*F46,2) -> 71159.33
A47: 2.4.3 | B47: 200715 | C47: DER-EDI | D47: Mureta em alvenaria de blocos cerâmicos 10x20x20cmm, h=0.60cm, para fechamento de quadra, com pilaretes de travamento em concreto armado a cada 3m, inclusive chapisco | E47: m² | F47: ='MEMÓRIA DE CALC.'!H224 -> 88.3695 | G47: 176.31 | H47: =ROUND(G47+(G47*$H$5),2) -> 230.79 | I47: =ROUND(H47*F47,2) -> 20394.8
A48: 2.4.4 | B48: 101161 | C48: SINAPI | D48: Alvenaria De Vedação Com Elemento Vazado De Concreto (Cobogó) De 7x50x50cm E Argamassa De Assentamento Com Preparo Em Betoneira. Af_05/2020 | E48: m² | F48: ='MEMÓRIA DE CALC.'!H227 -> 8.05 | G48: 204.12 | H48: =ROUND(G48+(G48*$H$5),2) -> 267.19 | I48: =ROUND(H48*F48,2) -> 2150.88
A49: SubTotal (2.4): | I49: =SUM(I45:I48) -> 95128.02
A50: 2.5 | D50: ESQUADRIAS DE MADEIRAS
A51: 2.5.1 | B51: 60103 | C51: DER-EDI | D51: Marco de madeira de lei de 1ª (Peroba, Ipê, Angelim Pedra ou equivalente) com 15x3 cm de batente, nas dimensões de 0.80 x 2.10 m | E51: und | F51: ='MEMÓRIA DE CALC.'!F234 -> 9 | G51: 418.85 | H51: =ROUND(G51+(G51*$H$5),2) -> 548.27 | I51: =ROUND(H51*F51,2) -> 4934.43
A52: 2.5.2 | B52: 61303 | C52: DER-EDI | D52: Porta em madeira de lei tipo angelim pedra ou equiv.c/enchimento em madeira 1a.qualidade esp. 30mm p/ pintura, inclusive alizares, dobradiças e fechadura externa em latão cromado LaFonte ou equiv., exclusive marco, nas dim.: 0.80 x 2.10 m | E52: und | F52: ='MEMÓRIA DE CALC.'!F239 -> 9 | G52: 1165.24 | H52: =ROUND(G52+(G52*$H$5),2) -> 1525.3 | I52: =ROUND(H52*F52,2) -> 13727.7
A53: SubTotal (2.5): | I53: =SUM(I51:I52) -> 18662.13
A54: 2.6 | D54: ESQUADRIAS METÁLICAS
A55: 2.6.1 | B55: C4514 | C55: SEINFRA | D55: Porta em alumínio anodizado natural/fosco, de correr, sem bandeirola m2 e/ou peitoril, sem vidro - fornecimento e montagem | E55: m² | F55: ='MEMÓRIA DE CALC.'!I247 -> 36.75 | G55: 316.97 | H55: =ROUND(G55+(G55*$H$5),2) -> 414.91 | I55: =ROUND(H55*F55,2) -> 15247.94
A56: 2.6.2 | B56: C4518 | C56: SEINFRA | D56: Porta em alumínio anodizado natural/fosco, de abrir, com bandeirola m2 e/ou peitoril, sem vidro - fornecimento e montagem | E56: m² | F56: ='MEMÓRIA DE CALC.'!I252 -> 8.19 | G56: 352.25 | H56: =ROUND(G56+(G56*$H$5),2) -> 461.1 | I56: =ROUND(H56*F56,2) -> 3776.41
A57: 2.6.3 | B57: 71704 | C57: DER-EDI | D57: Porta de abrir tipo veneziana em alumínio anodizado, linha 25, completa, incl. puxador com tranca, caixilho, alizar e contramarco | E57: m² | F57: ='MEMÓRIA DE CALC.'!I258 -> 7.44 | G57: 949.4 | H57: =ROUND(G57+(G57*$H$5),2) -> 1242.76 | I57: =ROUND(H57*F57,2) -> 9246.13
A58: 2.6.4 | B58: 71702 | C58: DER-EDI | D58: Báscula para vidro em alumínio anodizado cor natural, linha 25, completa, com tranca, caixilho, alizar e contramarco, exclusive vidro | E58: m² | F58: ='MEMÓRIA DE CALC.'!I268 -> 11.69 | G58: 609.38 | H58: =ROUND(G58+(G58*$H$5),2) -> 797.68 | I58: =ROUND(H58*F58,2) -> 9324.88
A59: 2.6.5 | B59: 71701 | C59: DER-EDI | D59: Janela de correr para vidro em alumínio anodizado cor natural, linha 25, completa, incl. puxador com tranca, alizar, caixilho e contramarco, exclusive vidro | E59: m² | F59: ='MEMÓRIA DE CALC.'!I277 -> 26.72 | G59: 520.33 | H59: =ROUND(G59+(G59*$H$5),2) -> 681.11 | I59: =ROUND(H59*F59,2) -> 18199.26
A60: 2.6.6 | B60: C4557 | C60: SEINFRA | D60: Portão Deslizante Nylofor, Composto De Quadro, Painéis E Acessórios Com Pintura Eletrostática Com Tinta Poliester, Nas Cores Verde Ou Branca, Com Poste Em Aço Revestido, Cor Verde Ou Branca - Fornecimento E Montagem | E60: m² | F60: ='MEMÓRIA DE CALC.'!I281 -> 16.8 | G60: 494.52 | H60: =ROUND(G60+(G60*$H$5),2) -> 647.33 | I60: =ROUND(H60*F60,2) -> 10875.14
A61: SubTotal (2.6): | I61: =SUM(I55:I60) -> 66669.76
A62: 2.7 | D62: VIDROS/ESPELHOS
A63: 2.7.1 | B63: 102169 | C63: SINAPI | D63: Instalação de vidro liso incolor, e = 10 mm, em esquadria de alumínio ou pvc, fixado com baguete. AF_01/2021_p | E63: m² | F63: ='MEMÓRIA DE CALC.'!I291 -> 44.94 | G63: 437.85 | H63: =ROUND(G63+(G63*$H$5),2) -> 573.15 | I63: =ROUND(H63*F63,2) -> 25757.36
A64: 2.7.2 | B64: 102152 | C64: SINAPI | D64: Instalação de vidro liso, e = 4 mm, em esquadria de madeira, fixado com baguete. Af_01/2021 | E64: m² | F64: ='MEMÓRIA DE CALC.'!I306 -> 38.41 | G64: 191.73 | H64: =ROUND(G64+(G64*$H$5),2) -> 250.97 | I64: =ROUND(H64*F64,2) -> 9639.76
A65: 2.7.3 | B65: 80201 | C65: DER-EDI | D65: Espelho para banheiros espessura 4 mm, incluindo chapa compensada 10 mm, moldura de alumínio em perfil L 3/4", fixado com parafusos cromados | E65: m² | F65: ='MEMÓRIA DE CALC.'!H314 -> 9.4 | G65: 660.36 | H65: =ROUND(G65+(G65*$H$5),2) -> 864.41 | I65: =ROUND(H65*F65,2) -> 8125.45
A66: SubTotal (2.7): | I66: =SUM(I63:I65) -> 43522.57
A67: 2.8 | D67: COBERTURA
A68: 2.8.1 | B68: 92543 | C68: SINAPI | D68: Trama De Madeira Composta Por Terças Para Telhados De Até 2 Águas Para Telha Ondulada De Fibrocimento, Metálica, Plástica Ou Termoacústica, Incluso Transporte Vertical. Af_07/2019 | E68: m² | F68: ='MEMÓRIA DE CALC.'!F326 -> 364.3 | G68: 24.26 | H68: =ROUND(G68+(G68*$H$5),2) -> 31.76 | I68: =ROUND(H68*F68,2) -> 11570.17
A69: 2.8.2 | B69: 94207 | C69: SINAPI | D69: Telhamento com telha ondulada de fibrocimento e = 6 mm, com recobrimento lateral de 1/4 de onda para telhado com inclinação maior que 10°, com até 2 águas, incluso içamento. Af_07/2019 | E69: m² | F69: ='MEMÓRIA DE CALC.'!F329 -> 364.3 | G69: 46.96 | H69: =ROUND(G69+(G69*$H$5),2) -> 61.47 | I69: =ROUND(H69*F69,2) -> 22393.52
A70: 2.8.3 | B70: 100325 | C70: SINAPI | D70: Cumeeira shed para telha ondulada de fibrocimento, e = 6 mm, incluso acessórios de fixação e içamento. Af_07/2019 | E70: m | F70: ='MEMÓRIA DE CALC.'!F332 -> 10.7 | G70: 89.75 | H70: =ROUND(G70+(G70*$H$5),2) -> 117.48 | I70: =ROUND(H70*F70,2) -> 1257.04
A71: 2.8.4 | B71: 90305 | C71: DER-EDI | D71: Calha de concreto armado Fck=15 MPa em "U" nas dimensões de 38 x 56 cm conforme detalhes em projeto | E71: m | F71: ='MEMÓRIA DE CALC.'!F339 -> 49.8 | G71: 265.08 | H71: =ROUND(G71+(G71*$H$5),2) -> 346.99 | I71: =ROUND(H71*F71,2) -> 17280.1
A72: 2.8.5 | B72: 90314 | C72: DER-EDI | D72: Rufo de chapa de alumínio esp. 0.5mm, largura de 30cm | E72: m | F72: ='MEMÓRIA DE CALC.'!F352 -> 177.49 | G72: 54.47 | H72: =ROUND(G72+(G72*$H$5),2) -> 71.3 | I72: =ROUND(H72*F72,2) -> 12655.04
A73: 2.8.6 | B73: 101979 | C73: SINAPI | D73: Chapim (rufo capa) em aço galvanizado, corte 33. AF_11/2020 | E73: m | F73: ='MEMÓRIA DE CALC.'!F375 -> 167.45 | G73: 59.66 | H73: =ROUND(G73+(G73*$H$5),2) -> 78.09 | I73: =ROUND(H73*F73,2) -> 13076.17
A74: 2.8.7 | B74: 98546 | C74: SINAPI | D74: Impermeabilização de superfície com manta asfáltica, uma camada, inclusive aplicação de primer asfáltico, e=3mm. AF_06/2018 | E74: m² | F74: ='MEMÓRIA DE CALC.'!H382 -> 65.736 | G74: 115.82 | H74: =ROUND(G74+(G74*$H$5),2) -> 151.61 | I74: =ROUND(H74*F74,2) -> 9966.23
A75: 2.8.8 | B75: 94213 | C75: SINAPI | D75: Telhamento com telha de aço/alumínio e = 0,5 mm, com até 2 águas, incluso içamento AF_07/2019 | E75: m² | F75: ='MEMÓRIA DE CALC.'!F387 -> 71.08 | G75: 82.06 | H75: =ROUND(G75+(G75*$H$5),2) -> 107.42 | I75: =ROUND(H75*F75,2) -> 7635.41
A76: 2.8.9 | B76: 104314 | C76: SINAPI | D76: Trama de aço composta por terças para telhados de até 2 águas para telha ondulada de fibrocimento, metálica, plástica ou termoacústica, incluso transporte vertical (em kg). AF_07/2019 | E76: kg | F76: ='MEMÓRIA DE CALC.'!F390 -> 3447.18 | G76: 13.87 | H76: =ROUND(G76+(G76*$H$5),2) -> 18.16 | I76: =ROUND(H76*F76,2) -> 62600.79
A77: 2.8.10 | B77: 90312 | C77: DER-EDI | D77: Calha em chapa galvanizada com largura de 40 cm | E77: m | F77: ='MEMÓRIA DE CALC.'!F396 -> 35.32 | G77: 203.8 | H77: =ROUND(G77+(G77*$H$5),2) -> 266.77 | I77: =ROUND(H77*F77,2) -> 9422.32
A78: SubTotal (2.8): | I78: =SUM(I68:I77) -> 167856.79
A79: 2.9 | D79: REVESTIMENTO DE TETO
A80: 2.9.1 | B80: 96113 | C80: SINAPI | D80: Forro em placas de gesso, para ambientes comerciais. AF_05/2017_PS | E80: m² | F80: ='MEMÓRIA DE CALC.'!H418 -> 356.42 | G80: 34.79 | H80: =ROUND(G80+(G80*$H$5),2) -> 45.54 | I80: =ROUND(H80*F80,2) -> 16231.37
A81: SubTotal (2.9): | I81: =SUM(I80) -> 16231.37
A82: 2.10 | D82: REVESTIMENTO DE PAREDES
A83: 2.10.1 | B83: 87878 | C83: SINAPI | D83: Chapisco aplicado em alvenarias e estruturas de concreto internas, com colher de pedreiro. Argamassa traço 1:3 com preparo manual. Af_10/2022 | E83: m² | F83: ='MEMÓRIA DE CALC.'!J429 -> 1730.05 | G83: 4.61 | H83: =ROUND(G83+(G83*$H$5),2) -> 6.03 | I83: =ROUND(H83*F83,2) -> 10432.2
A84: 2.10.2 | B84: 120301 | C84: DER-EDI | D84: Emboço de argamassa de cimento, cal hidratada CH1 e areia média ou grossa lavada no traço 1:0.5:6, espessura 20 mm | E84: m² | F84: ='MEMÓRIA DE CALC.'!J455 -> 481.6778 | G84: 32.42 | H84: =ROUND(G84+(G84*$H$5),2) -> 42.44 | I84: =ROUND(H84*F84,2) -> 20442.41
A85: 2.10.3 | B85: 87529 | C85: SINAPI | D85: Massa única, para recebimento de pintura, em argamassa traço 1:2:8, peparo mecânico com betoneira 400l, aplicada manualmente em faces internas de paredes, espessura de 20mm, com execução de taliscas. Af_06/2014 | E85: m² | F85: ='MEMÓRIA DE CALC.'!I459 -> 1425.1112 | G85: 35.78 | H85: =ROUND(G85+(G85*$H$5),2) -> 46.84 | I85: =ROUND(H85*F85,2) -> 66752.21
A86: 2.10.4 | B86: 87273 | C86: SINAPI | D86: Revestimento Cerâmico Para Paredes Internas Com Placas Tipo Esmaltada Extra De Dimensões 33x45 Cm Aplicadas Em Ambientes De Área Maior Que 5 M² Na Altura Inteira Das Paredes. Af_06/2014 | E86: m² | F86: ='MEMÓRIA DE CALC.'!J471 -> 221.45 | G86: 70.14 | H86: =ROUND(G86+(G86*$H$5),2) -> 91.81 | I86: =ROUND(H86*F86,2) -> 20331.32
A87: 2.10.5 | B87: 120220 | C87: DER-EDI | D87: Cerâmica 10 x 10 cm, marcas de referência Eliane, Cecrisa ou Portobello, nas cores branco ou areia, com rejunte esp. 0.5 cm, empregando argamassa colante | E87: m² | F87: ='MEMÓRIA DE CALC.'!J489 -> 260.2278 | G87: 100.13 | H87: =ROUND(G87+(G87*$H$5),2) -> 131.07 | I87: =ROUND(H87*F87,2) -> 34108.06
A88: SubTotal (2.10): | I88: =SUM(I83:I87) -> 152066.2
A89: 2.11 | D89: PISOS INTERNOS
A90: 2.11.1 | B90: 130103 | C90: DER-EDI | D90: Regularização de base p/ revestimento cerâmico, com argamassa de cimento e areia no traço 1:5, espessura 3 cm | E90: m² | F90: ='MEMÓRIA DE CALC.'!H514 -> 461.885 | G90: 24.57 | H90: =ROUND(G90+(G90*$H$5),2) -> 32.16 | I90: =ROUND(H90*F90,2) -> 14854.22
A91: 2.11.2 | B91: 130112 | C91: DER-EDI | D91: Lastro de concreto não estrutural, espessura de 6 cm | E91: m² | F91: ='MEMÓRIA DE CALC.'!F517 -> 461.885 | G91: 50.19 | H91: =ROUND(G91+(G91*$H$5),2) -> 65.7 | I91: =ROUND(H91*F91,2) -> 30345.84
A92: 2.11.3 | B92: 87257 | C92: SINAPI | D92: Revestimento cerâmico para piso com placas tipo esmaltada extra de dimensões 60x60 cm aplicada em ambientes de área maior que 10 m2. Af_06/2014 | E92: m² | F92: ='MEMÓRIA DE CALC.'!H521 -> 411.125 | G92: 98.26 | H92: =ROUND(G92+(G92*$H$5),2) -> 128.62 | I92: =ROUND(H92*F92,2) -> 52878.9
A93: 2.11.4 | B93: 130308 | C93: DER-EDI | D93: Soleira de granito esp. 2 cm e largura de 15 cm | E93: m | F93: ='MEMÓRIA DE CALC.'!H534 -> 79.36 | G93: 51.12 | H93: =ROUND(G93+(G93*$H$5),2) -> 66.92 | I93: =ROUND(H93*F93,2) -> 5310.77
A94: 2.11.5 | B94: 101965 | C94: SINAPI | D94: Peitoril linear em granito ou mármore, l = 15cm, comprimento de até 2m, assentado com argamassa 1:6 com aditivo. Af_11/2020 | E94: m | F94: ='MEMÓRIA DE CALC.'!H549 -> 35.9 | G94: 79.15 | H94: =ROUND(G94+(G94*$H$5),2) -> 103.61 | I94: =ROUND(H94*F94,2) -> 3719.6
A95: 2.11.6 | B95: 101736 | C95: SINAPI | D95: Piso De Borracha Pastilhado, Espessura 3,5mm, Fixado Com Adesivo Acrílico. Af_09/2020 | E95: m² | F95: ='MEMÓRIA DE CALC.'!H556 -> 5.76 | G95: 114.86 | H95: =ROUND(G95+(G95*$H$5),2) -> 150.35 | I95: =ROUND(H95*F95,2) -> 866.02
A96: SubTotal (2.11): | I96: =SUM(I90:I95) -> 107975.35
A97: 2.12 | D97: PISOS EXTERNOS
A98: 2.12.1 | B98: 41240 | C98: DER-ROD | D98: Passeio em concreto, largura 2,00m, acabamento em ladrilho hidráulico podotátil (L=0,40m) | E98: m² | F98: ='MEMÓRIA DE CALC.'!F560 -> 250.3 | G98: 116.79 | H98: =ROUND(G98+(G98*$H$5),2) -> 152.88 | I98: =ROUND(H98*F98,2) -> 38265.86
A99: 2.12.2 | B99: 40754 | C99: DER - ROD | D99: Regularização e compactação do sub-leito (100% P.I.) H = 0,20 m | E99: m² | F99: ='MEMÓRIA DE CALC.'!F563 -> 789.37 | G99: 2.02 | H99: =ROUND(G99+(G99*$H$5),2) -> 2.64 | I99: =ROUND(H99*F99,2) -> 2083.94
A100: 2.12.3 | B100: 40787 | C100: DER - ROD | D100: Base de brita graduada, inclusive fornecimento e transporte da brita (ESP. 5 cm) | E100: m³ | F100: ='MEMÓRIA DE CALC.'!H566 -> 39.4685 | G100: 182.11 | H100: =ROUND(G100+(G100*$H$5),2) -> 238.38 | I100: =ROUND(H100*F100,2) -> 9408.5
A101: 2.12.4 | B101: 200237 | C101: DER-EDI | D101: Blocos pré-moldados de concreto tipo pavi-s ou equivalente, espessura de 6 cm e resistência a compressão mínima de 35MPa, assentados sobre colchão de pó de pedra na espessura de 10 cm | E101: m² | F101: ='MEMÓRIA DE CALC.'!F569 -> 789.37 | G101: 88.64 | H101: =ROUND(G101+(G101*$H$5),2) -> 116.03 | I101: =ROUND(H101*F101,2) -> 91590.6
A102: 2.12.5 | B102: 40915 | C102: DER-ROD | D102: Calçada de concreto fck=15 MP, camurçado c/ argam. cimento e areia 1:4, lastro de brita e 8 cm de concreto, incl. preparo da caixa e transp. da brita | E102: m² | F102: ='MEMÓRIA DE CALC.'!F574 -> 99.68 | G102: 127.31 | H102: =ROUND(G102+(G102*$H$5),2) -> 166.65 | I102: =ROUND(H102*F102,2) -> 16611.67
...

Sheet MEMÓRIA DE CALC.
A1: PREFEITURA MUNICIPAL DE VILA PAVÃO
A2: OBRA: CONSTRUÇÃO DE CENTRO DE CONVIVÊNCIA DO IDOSO
A3: MEMORIAL DE CÁLCULO
A4: 1.0 | B4: SERVIÇOES PRELIMINARES
A5: 1.1 | B5: Locação de obra com gabarito de madeira | F5: Área (m²)
B6: Centro de Convivência do idoso | F6: 478.29
D7: Área Total (m²): | F7: =SUM(F6) -> 478.29
A9: 1.2 | B9: Placa da obra | F9: Comprimento | G9: Largura | H9: Área (m²)
F10: 3 | G10: 2 | H10: =F10*G10 -> 6
A12: 1.3 | B12: Barracão para almoxarifado | F12: Comprimento | G12: Largura | H12: Área (m²)
F13: 3.5 | G13: =H13/F13 -> 3.1142857 | H13: 10.9
A15: 1.4 | B15: Barracão para depósito de cimento | F15: Comprimento | G15: Largura | H15: Área (m²)
F16: 3.5 | G16: =H16/F16 -> 3.1142857 | H16: 10.9
A18: 1.5 | B18: Padrão de entrada de energia elétrica | F18: Unidade
F19: 1
A21: 1.6 | B21: Padrão de entrada d' água com cavalete de PVC | F21: Unidade
F22: 1
A23: 2.0 | B23: EDIFICAÇÃO PRINCIPAL
A24: 2.1 | B24: MOVIMENTO DE TERRA
A25: 2.1.1 | B25: Escavação manual em material de 1a. Categoria 1,50 m | F25: Volume (m³)
B26: Ver projeto estrutural. | F26: 206.43
E27: Total (m³): | F27: =SUM(F26) -> 206.43
A30: 2.1.2 | B30: Reaterro manual de valas com compactação mecanizada | F30: Volume (m³)
B31: Ver projeto estrutural. | F31: 134.02
E32: Total (m³): | F32: =SUM(F31) -> 134.02
A36: 2.1.3 | B36: Aterro manual para regularização do terreno em areia
B37: Ambientes | F37: Comprimento | G37: Largura | H37: Altura | I37: Volume (m³)
B38: Serviço | F38: 4 | G38: 1.85 | H38: 0.5 | I38: =F38*G38*H38 -> 3.7
B39: Almoxarifado | F39: 4 | G39: 2.45 | H39: 0.5 | I39: =F39*G39*H39 -> 4.9
B40: Salão | F40: 12.1 | G40: 10.7 | H40: 0.5 | I40: =F40*G40*H40 -> 64.735
B41: Palco | F41: 6.8 | G41: 3.8 | H41: 0.5 | I41: =F41*G41*H41 -> 12.92
B42: Cozinha | F42: 5.7 | G42: 4 | H42: 0.5 | I42: =F42*G42*H42 -> 11.4
B43: Ciculação 01 | F43: 19.6 | G43: 1.5 | H43: 0.5 | I43: =F43*G43*H43 -> 14.7
B44: Ciculação 02 | F44: 3.55 | G44: 2.1 | H44: 0.5 | I44: =F44*G44*H44 -> 3.7275
B45: PNE Masc. | F45: 2.1 | G45: 2 | H45: 0.5 | I45: =F45*G45*H45 -> 2.1
B46: PNE Fem. | F46: 2.1 | G46: 2 | H46: 0.5 | I46: =F46*G46*H46 -> 2.1
B47: WC Masc. | F47: 3.6 | G47: 3.85 | H47: 0.5 | I47: =F47*G47*H47 -> 6.93
B48: WC Fem. | F48: 3.6 | G48: 3.85 | H48: 0.5 | I48: =F48*G48*H48 -> 6.93
B49: Hall 01 | F49: 2.9 | G49: 0.8 | H49: 0.5 | I49: =F49*G49*H49 -> 1.16
... B53: Sala Convivência - parte 02 | F53: 0.8 | G53: 7.95 | H53: 0.5 | I53: =F53*G53*H53 -> 3.18
H54: Total (m³): | I54: =SUM(I38:I53) -> 158.0825
A56: 2.2 | B56: INFRA-ESTRUTURA
A57: 2.2.1 | B57: Concreto magro para lastro | F57: Volume (m³)
B58: Ver Projeto Estrutural | F58: 19
E59: Total (m³): | F59: =SUM(F58) -> 19
A61: 2.2.2 | B61: Armadura CA-50 A média, diâmetro de 12.5 a 20.0 mm | F61: kg
B62: Ver Projeto Estrutural | F62: 1906
E63: Total (kg): | F63: =SUM(F62) -> 1906
A66: 2.2.3 | B66: Armadura CA-50 A média, diâmetro de 6.3 a 10.0 mm | F66: kg
B67: Ver Projeto Estrutural | F67: 1504
E68: Total (kg): | F68: =SUM(F67) -> 1504
A71: 2.2.4 | B71: Armadura CA-60 B fina, diâmetro de 4.0 a 7.0mm | F71: kg
B72: Ver Projeto Estrutural | F72: 1519
E73: Total (kg): | F73: =SUM(F72) -> 1519
A75: 2.2.5 | B75: Fôrma de chapa compensada resinada 12mm | F75: Área (m²):
B76: Ver Projeto Estrutural | F76: 261.03
E77: Total (m²): | F77: =SUM(F76) -> 261.03
A79: 2.2.6 | B79: Fornecimento, preparo e aplicação de concreto Fck = 30 Mpa | F79: Volume (m³):
B80: Ver Projeto Estrutural | F80: 72.93
E81: Total (m³): | F81: =SUM(F80) -> 72.93
A83: 2.2.7 | B83: Impermeabilização de estrutura com Sika | F83: Área (m²):
B84: Ver Projeto Estrutural | F84: 261.03
E85: Total (m²): | F85: =SUM(F84:F84) -> 261.03
A87: 2.3 | B87: SUPRA-ESTRUTURA
A88: 2.3.1 | B88: Armadura CA-50 A média, diâmetro de 12.5 a 20.0 mm | F88: kg
B89: Ver Projeto Estrutural | F89: 1491
E90: Total (kg): | F90: =SUM(F89:F89) -> 1491
A93: 2.3.2 | B93: Armadura CA-50 A média, diâmetro de 6.3 a 10.0 mm | F93: kg
B94: Ver Projeto Estrutural | F94: 2872
E95: Total (kg): | F95: =SUM(F94:F94) -> 2872
A98: 2.3.3 | B98: Armadura CA-60 B fina, diâmetro de 4.0 a 7.0mm | F98: kg
B99: Ver Projeto Estrutural | F99: 189
E100: Total (kg): | F100: =SUM(F99:F99) -> 189
A103: 2.3.4 | B103: Fôrma de chapa compensada resinada 12mm | F103: Área (m²):
B104: Ver Projeto Estrutural | F104: 834.64
E105: Total (m²): | F105: =SUM(F104:F104) -> 834.64
A108: 2.3.5 | B108: Fornecimento, preparo e aplicação de concreto Fck = 30 Mpa | F108: Volume (m³):
B109: Ver Projeto Estrutural | F109: 86.26
E110: Total (m³): | F110: =SUM(F109:F109) -> 86.26
A113: 2.3.6 | B113: Laje pré-moldada, sobrecarga 300 Kg/m2 | F113: Área (m²)
B114: Ver Projeto Estrutural | F114: 400.98
A117: 2.4 | B117: VERGA/ALVENARIA/PLATIBANDA
A118: 2.4.1 | B118: Verga/contraverga reta de concreto armado
B119: Esquadrias Portas | F119: Comprimento | G119: Quantidade | H119: Verga ((comp. + 0,40) | I119: Total (m):
B120: P1 | F120: 4.5 | G120: 1 | H120: =(F120+0.4) -> 4.9 | I120: =G120*H120 -> 4.9
B121: P2 | F121: 4 | G121: 1 | H121: =(F121+0.4) -> 4.4 | I121: =G121*H121 -> 4.4
B122: P4 | F122: 1.3 | G122: 3 | H122: =(F122+0.4) -> 1.7 | I122: =G122*H122 -> 5.1
B123: P5 | F123: 0.8 | G123: 9 | H123: =(F123+0.4) -> 1.2 | I123: =G123*H123 -> 10.8
H124: SubTotal: | I124: =SUM(I120:I123) -> 25.2
B126: Esquadrias Básculas | F126: Comprimento | G126: Quantidade | H126: Verga ((comp. + 0,40) | I126: Contra-Verga ((comp. + 0,40) | J126: Total (m):
B127: B1 | F127: 2.6 | G127: 2 | H127: =(F127+0.4) -> 3 | I127: =(F127+0.4) -> 3 | J127: =(I127+H127)*G127 -> 12
B128: B2 | F128: 2.2 | G128: 2 | H128: =(F128+0.4) -> 2.6 | I128: =(F128+0.4) -> 2.6 | J128: =(I128+H128)*G128 -> 10.4
B129: B3 | F129: 1.8 | G129: 2 | H129: =(F129+0.4) -> 2.2 | I129: =(F129+0.4) -> 2.2 | J129: =(I129+H129)*G129 -> 8.8
B130: B4 | F130: 1.5 | G130: 1 | H130: =(F130+0.4) -> 1.9 | I130: =(F130+0.4) -> 1.9 | J130: =(I130+H130)*G130 -> 3.8
B131: B5 | F131: 1 | G131: 2 | H131: =(F131+0.4) -> 1.4 | I131: =(F131+0.4) -> 1.4 | J131: =(I131+H131)*G131 -> 5.6
I132: SubTotal (m): | J132: =SUM(J127:J131) -> 40.6
B134: Esquadrias Janelas | F134: Comprimento | G134: Quantidade | H134: Verga ((comp. + 0,40) | I134: Contra-Verga ((comp. + 0,40) | J134: Total (m):
B135: J1 | F135: 3 | G135: 2 | H135: =(F135+0.4) -> 3.4 | I135: =(F135+0.4) -> 3.4 | J135: =(I135+H135)*G135 -> 13.6
B136: J2 | F136: 3 | G136: 2 | H136: =(F136+0.4) -> 3.4 | I136: =(F136+0.4) -> 3.4 | J136: =(I136+H136)*G136 -> 13.6
B137: J3 | F137: 2.6 | G137: 2 | H137: =(F137+0.4) -> 3 | I137: =(F137+0.4) -> 3 | J137: =(I137+H137)*G137 -> 12
...

Sheet Resumo de Cotações
A1: Tabela de Resumo de Cotações
A3: Item | B3: Descrição | C3: Unidade | D3: Quantidade | E3: MERCADO | L3: Preço Médio Valor Unitário (R$)
E4: Cotação 01 | F4: Dados | G4: Cotação 02 | H4: Dados | I4: Cotação 03 | J4: Dados | K4: Data Preços
A5: C.6 | B5: Cisterna 5.000L | C5: und | D5: 1 | E5: 3999 | F5: Mercado Livre (cnpj: 03.007.331/0001-41) | G5: 5221.2 | H5: Padovani D. de U. D. Ltda CNPJ: 02.699.646/0001-34 | I5: 5399 | J5: EFIZI AZU COMERCIO LTDA CNPJ.: 34.229.157/0005-39 | K5: 44682 | L5: =(E5+G5+I5)/3 -> 4873.0667
A6: C.7 | B6: Filtro + Motobomba para Piscina | C6: und | D6: 1 | E6: 2665 | F6: Shopping das Piscinas - CNPJ: 33.963.114/0002-77 | G6: =1995+1258 -> 3253 | H6: Acquashow - CNPJ: 17.355.530/0001-55 | I6: 3200 | J6: Rio Piscinas CNPJ: 20.912.131/0001-52 | K6: 44682 | L6: =(E6+G6+I6)/3 -> 3039.3333
A7: C.8 | B7: Ralo de fundo p/ piscina DN 50 mm c tampa anti-aprisionamento | C7: und | D7: 1 | E7: 115 | F7: Shopping das Piscinas - CNPJ: 33.963.114/0002-78 | G7: 182 | H7: Acquashow - CNPJ: 17.355.530/0001-55 | I7: 290 | J7: Rio Piscinas CNPJ: 20.912.131/0001-52 | K7: 44682 | L7: =(E7+G7+I7)/3 -> 195.66667
A8: C.9 | B8: Skimmer | C8: und | D8: 1 | E8: 450 | F8: Shopping das Piscinas - CNPJ: 33.963.114/0002-81 | G8: 633 | H8: Acquashow - CNPJ: 17.355.530/0001-55 | I8: 1200 | J8: Rio Piscinas CNPJ: 20.912.131/0001-52 | K8: 44682 | L8: =(E8+G8+I8)/3 -> 761
A9: C.10 | B9: Dispositivo de Aspiração | C9: und | D9: 1 | E9: 45 | F9: Shopping das Piscinas - CNPJ: 33.963.114/0002-83 | G9: 75 | H9: Acquashow - CNPJ: 17.355.530/0001-55 | I9: 90 | J9: Rio Piscinas CNPJ: 20.912.131/0001-52 | K9: 44682 | L9: =(E9+G9+I9)/3 -> 70
A10: C.11 | B10: Dispositivo de Retorno | C10: und | D10: 1 | E10: 45 | F10: Shopping das Piscinas - CNPJ: 33.963.114/0002-83 | G10: =195/3 -> 65 | H10: Acquashow - CNPJ: 17.355.530/0001-55 | I10: 90 | J10: Rio Piscinas CNPJ: 20.912.131/0001-52 | K10: 44682 | L10: =(E10+G10+I10)/3 -> 66.666667
A11: C.12 | B11: Filtro VF1 para captar água da chuva | C11: und | D11: 1 | E11: 1599 | F11: Ecosoli CNPJ:26.662.514/0001-04 | G11: 1441.5 | H11: Ecosustentavel Comercio De Materiais Ecologicos Eireli CNPJ: 22.245.660/0001-75 | I11: 1670 | J11: Mercado Livre (cnpj: 03.007.331/0001-41) | K11: 44956 | L11: =(E11+G11+I11)/3 -> 1570.1667
A12: C.13 | B12: Separador de Folhas | C12: und | D12: 1 | E12: 81.11 | F12: MAGAZINE LUIZA S/A CNPJ: 47.960.950/0001-21 | G12: 123.08 | H12: MadeiraMadeira Comércio Eletrônico S/A. CNPJ: 10.490.181/0001-35 | I12: 89.9 | J12: Mercado Livre 03.007.331/0001-41 | K12: 44956 | L12: =(E12+G12+I12)/3 -> 98.03
A13: C.14 | B13: Luminaria Espeto de Jardim 5W/6W | C13: und | D13: 1 | E13: 59.9 | F13: Arte Luz Material de Construção LTDA - CNPJ: 30.590.208/0001-79 | G13: 55 | H13: Leds Materiais Elétricos - CNPJ: 08.287.673-86 | I13: 44.8 | J13: Luminar Material Elétrico e Iluminação - CNPJ: 02.569.400/0001-48 | K13: 44682 | L13: =(E13+G13+I13)/3 -> 53.233333
A14: C.15 | B14: Quadro de Distribuição Trif. 70 dijs. - In Barr 225A | C14: und | D14: 1 | E14: 1749.9 | F14: Arte Luz Material de Construção LTDA - CNPJ: 30.590.208/0001-79 | G14: 1740 | H14: Leds Materiais Elétricos - CNPJ: 08.287.673-86 | I14: 990 | J14: Luminar Material Elétrico e Iluminação - CNPJ: 02.569.400/0001-49 | K14: 44682 | L14: =(E14+G14+I14)/3 -> 1493.3
A15: C.16 | B15: Refletor Holofote Led Bivolt Branco Frio 30W | C15: und | D15: 1 | E15: 49.9 | F15: Arte Luz Material de Construção LTDA - CNPJ: 30.590.208/0001-79 | G15: 75 | H15: Leds Materiais Elétricos - CNPJ: 08.287.673-86 | I15: 50 | J15: Luminar Material Elétrico e Iluminação - CNPJ: 02.569.400/0001-50 | K15: 44682 | L15: =(E15+G15+I15)/3 -> 58.3
A16: C.17 | B16: Luminária tipo Plafon, LED, 30x30 cm, 24W/30W, Branco Frio | C16: und | D16: 1 | E16: 43.9 | F16: Arte Luz Material de Construção LTDA - CNPJ: 30.590.208/0001-79 | G16: 52 | H16: Leds Materiais Elétricos - CNPJ: 08.287.673-86 | I16: 40.95 | J16: Luminar Material Elétrico e Iluminação - CNPJ: 02.569.400/0001-51 | K16: 44682 | L16: =(E16+G16+I16)/3 -> 45.616667
A17: C.18 | B17: Interruptor horário - 120V | C17: und | D17: 1 | E17: 128.6 | F17: Arte Luz Material de Construção LTDA - CNPJ: 30.590.208/0001-79 | G17: 90 | H17: Leds Materiais Elétricos - CNPJ: 08.287.673-86 | I17: 115 | J17: Nivaldo Eletrificações - Vila pavão | K17: 44682 | L17: =(E17+G17+I17)/3 -> 111.2
A18: C.19 | B18: Kit Comando e Fonte | C18: und | D18: 1 | E18: =865+246 -> 1111 | F18: Shopping das Piscinas - CNPJ: 33.963.114/0002-79 | G18: 1200 | H18: Acquashow - CNPJ: 17.355.530/0001-55 | I18: 1200 | J18: Rio Piscinas CNPJ: 20.912.131/0001-52 | K18: 44682 | L18: =(E18+G18+I18)/3 -> 1170.3333
A19: C.20 | B19: Led RGB 9W | C19: und | D19: 1 | E19: 250 | F19: Shopping das Piscinas - CNPJ: 33.963.114/0002-80 | G19: =3640/7 -> 520 | H19: Acquashow - CNPJ: 17.355.530/0001-55 | I19: 590 | J19: Rio Piscinas CNPJ: 20.912.131/0001-52 | K19: 44682 | L19: =(E19+G19+I19)/3 -> 453.33333
A20: C.21 | B20: Pressurizadores de Rede 220V (1/2CV) | C20: und | D20: 1 | E20: 3363.12 | F20: PONTO FRIO CNPJ 33.041.260/0652-90 | G20: 3363.12 | H20: casas bahia cnpj 59291534 0001 | I20: 3449.99 | J20: Mercado Livre (cnpj: 03.007.331/0001-41) | K20: 44956 | L20: =(E20+G20+I20)/3 -> 3392.0767
A21: C.22 | B21: Banco de Jardim em Madeira e Pé de Ferro Tamandua | C21: und | D21: 1 | E21: 607.9 | F21: MadeiraMadeira Comércio Eletrônico S/A. CNPJ: 10.490.181/0001-35 | G21: 475 | H21: Americanas S.A. - CNPJ: 00.776.574/0006-6 | I21: 475 | J21: Submarino S/A - CNPJ: 02.930.076/0001-4 | K21: 44956 | L21: =(E21+G21+I21)/3 -> 519.3
A22: C.23 | B22: Fornecimento e Instalação de ACM | C22: m² | D22: 1 | E22: =57670/150 -> 384.46667 | F22: 3D Placas CNPJ: 35.461.671/0001-34 | G22: =82500/150 -> 550 | H22: Expresso CNPJ: 07502411/0001-24 | I22: =89900/150 -> 599.33333 | J22: Mantena Placas CNPJ: 45.187.794000182 | K22: 44682 | L22: =(E22+G22+I22)/3 -> 511.26667
I27: GRAZIANI SARDE
I28: Engenheiro Civil - CREA-ES 11150/D

Sheet Cronograma
A1: Prefeitura de Vila Pavão
A2: CRONOGRAMA FÍSICO FINANCEIRO
A4: OBRA: | B4: CONSTRUÇÃO DE CENTRO DE CONVIVÊNCIA DO IDOSO
A5: LOCAL: | B5: Rua Guilherme Wultker, Centro, VILA PAVÃO/ES
A7: Item | B7: DESCRIÇÃO | C7: Valor Item | D7: % | E7: Mês 01 | F7: Mês 02 | G7: Mês 03 | H7: Mês 04 | I7: Mês 05 | J7: Mês 06 | K7: Mês 07 | L7: Mês 08 | M7: Mês 09 | N7: Mês 10 | O7: Mês 11 | P7: Mês 12 | Q7: TOTAL (R$)
A8: 1.0 | B8: SERVIÇOS PRELIMINARES | C8: ='PLANILHA ORÇ.'!I20 -> 35031.96 | D8: =C8/$C$45 -> 0.015119527 | E8: =C8 -> 35031.96 | Q8: =P8+O8+N8+M8+L8+K8+J8+I8+H8+G8+F8+E8 -> 35031.96
A9: 2.0 | B9: EDIFICAÇÃO PRINCIPAL
A10: 2.1 | B10: MOVIMENTO DE TERRA | C10: ='PLANILHA ORÇ.'!I26 -> 56726.86 | D10: =C10/$C$45 -> 0.024482881 | F10: =C10/2 -> 28363.43 | G10: =C10/2 -> 28363.43 | Q10: =P10+O10+N10+M10+L10+K10+J10+I10+H10+G10+F10+E10 -> 56726.86
A11: 2.2 | B11: INFRA-ESTRUTURA | C11: ='PLANILHA ORÇ.'!I35 -> 191851.76 | D11: =C11/$C$45 -> 0.082801759 | G11: =C11/2 -> 95925.88 | H11: =C11/2 -> 95925.88 | Q11: =P11+O11+N11+M11+L11+K11+J11+I11+H11+G11+F11+E11 -> 191851.76
A12: 2.3 | B12: SUPRA-ESTRUTURA | C12: ='PLANILHA ORÇ.'!I43 -> 287507.07 | D12: =C12/$C$45 -> 0.12408586 | I12: =C12/3 -> 95835.69 | J12: =C12/3 -> 95835.69 | K12: =C12/3 -> 95835.69 | Q12: =P12+O12+N12+M12+L12+K12+J12+I12+H12+G12+F12+E12 -> 287507.07
A13: 2.4 | B13: VERGA/ALVENARIA/PLATIBANDA | C13: ='PLANILHA ORÇ.'!I49 -> 95128.02 | D13: =C13/$C$45 -> 0.041056529 | J13: =C13/2 -> 47564.01 | K13: =C13/2 -> 47564.01 | Q13: =P13+O13+N13+M13+L13+K13+J13+I13+H13+G13+F13+E13 -> 95128.02
A14: 2.5 | B14: ESQUADRIAS DE MADEIRAS | C14: ='PLANILHA ORÇ.'!I53 -> 18662.13 | D14: =C14/$C$45 -> 0.0080544333 | M14: =C14 -> 18662.13 | Q14: =P14+O14+N14+M14+L14+K14+J14+I14+H14+G14+F14+E14 -> 18662.13
A15: 2.6 | B15: ESQUADRIAS METÁLICAS | C15: ='PLANILHA ORÇ.'!I61 -> 66669.76 | D15: =C15/$C$45 -> 0.028774161 | M15: =C15/2 -> 33334.88 | N15: =C15/2 -> 33334.88 | Q15: =P15+O15+N15+M15+L15+K15+J15+I15+H15+G15+F15+E15 -> 66669.76
A16: 2.7 | B16: VIDROS/ESPELHOS | C16: ='PLANILHA ORÇ.'!I66 -> 43522.57 | D16: =C16/$C$45 -> 0.01878401 | O16: =C16 -> 43522.57 | Q16: =P16+O16+N16+M16+L16+K16+J16+I16+H16+G16+F16+E16 -> 43522.57
A17: 2.8 | B17: COBERTURA | C17: ='PLANILHA ORÇ.'!I78 -> 167856.79 | D17: =C17/$C$45 -> 0.072445713 | J17: =C17 -> 167856.79 | Q17: =P17+O17+N17+M17+L17+K17+J17+I17+H17+G17+F17+E17 -> 167856.79
A18: 2.9 | B18: REVESTIMENTO DE TETO | C18: ='PLANILHA ORÇ.'!I81 -> 16231.37 | D18: =C18/$C$45 -> 0.0070053357 | J18: =C18 -> 16231.37 | Q18: =P18+O18+N18+M18+L18+K18+J18+I18+H18+G18+F18+E18 -> 16231.37
A19: 2.10 | B19: REVESTIMENTO DE PAREDES | C19: ='PLANILHA ORÇ.'!I88 -> 152066.2 | D19: =C19/$C$45 -> 0.065630614 | K19: =C19/2 -> 76033.1 | L19: =C19/2 -> 76033.1 | Q19: =P19+O19+N19+M19+L19+K19+J19+I19+H19+G19+F19+E19 -> 152066.2
A20: 2.11 | B20: PISOS INTERNOS | C20: ='PLANILHA ORÇ.'!I96 -> 107975.35 | D20: =C20/$C$45 -> 0.046601339 | M20: =C20/2 -> 53987.675 | N20: =C20/2 -> 53987.675 | Q20: =P20+O20+N20+M20+L20+K20+J20+I20+H20+G20+F20+E20 -> 107975.35
A21: 2.12 | B21: PISOS EXTERNOS | C21: ='PLANILHA ORÇ.'!I103 -> 157960.57 | D21: =C21/$C$45 -> 0.06817458 | N21: =C21/2 -> 78980.285 | O21: =C21/2 -> 78980.285 | Q21: =P21+O21+N21+M21+L21+K21+J21+I21+H21+G21+F21+E21 -> 157960.57
A22: 2.13 | B22: INSTALAÇÕES HIDROSSANITÁRIAS | C22: ='PLANILHA ORÇ.'!I138 -> 120070.76 | D22: =C22/$C$45 -> 0.051821626 | J22: =C22/2 -> 60035.38 | K22: =C22/2 -> 60035.38 | Q22: =P22+O22+N22+M22+L22+K22+J22+I22+H22+G22+F22+E22 -> 120070.76
A23: 2.14 | B23: APARELHOS SANITARIOS | C23: ='PLANILHA ORÇ.'!I166 -> 67051.16 | D23: =C23/$C$45 -> 0.02893877 | N23: =C23/2 -> 33525.58 | O23: =C23/2 -> 33525.58 | Q23: =P23+O23+N23+M23+L23+K23+J23+I23+H23+G23+F23+E23 -> 67051.16
A24: 2.15 | B24: INSTALAÇÕES ELÉTRICAS | C24: ='PLANILHA ORÇ.'!I189 -> 66018.36 | D24: =C24/$C$45 -> 0.028493022 | J24: =C24/2 -> 33009.18 | K24: =C24/2 -> 33009.18 | Q24: =P24+O24+N24+M24+L24+K24+J24+I24+H24+G24+F24+E24 -> 66018.36
A25: 2.16 | B25: APARELHOS ELETRICOS | C25: ='PLANILHA ORÇ.'!I211 -> 30003.36 | D25: =C25/$C$45 -> 0.012949222 | N25: =C25/2 -> 15001.68 | O25: =C25/2 -> 15001.68 | Q25: =P25+O25+N25+M25+L25+K25+J25+I25+H25+G25+F25+E25 -> 30003.36
A26: 2.17 | B26: PINTURA | C26: ='PLANILHA ORÇ.'!I217 -> 66345.5 | D26: =C26/$C$45 -> 0.028634213 | P26: =C26 -> 66345.5 | Q26: =P26+O26+N26+M26+L26+K26+J26+I26+H26+G26+F26+E26 -> 66345.5
A27: 2.18 | B27: DIVERSOS | C27: ='PLANILHA ORÇ.'!I228 -> 153922.74 | D27: =C27/$C$45 -> 0.066431883 | O27: =C27/2 -> 76961.37 | P27: =C27/2 -> 76961.37 | Q27: =P27+O27+N27+M27+L27+K27+J27+I27+H27+G27+F27+E27 -> 153922.74
A28: 3.0 | B28: CAMPO DE BOCHA
A29: 3.1 | B29: MOVIMENTO DE TERRA | C29: ='PLANILHA ORÇ.'!I234 -> 4512.58 | D29: =C29/$C$45 -> 0.0019475952 | J29: =C29 -> 4512.58 | Q29: =P29+O29+N29+M29+L29+K29+J29+I29+H29+G29+F29+E29 -> 4512.58
A30: 3.2 | B30: INFRA-ESTRUTURA | C30: ='PLANILHA ORÇ.'!I244 -> 16109.23 | D30: =C30/$C$45 -> 0.0069526211 | J30: =C30 -> 16109.23 | Q30: =P30+O30+N30+M30+L30+K30+J30+I30+H30+G30+F30+E30 -> 16109.23
A31: 3.3 | B31: SUPRA-ESTRUTURA | C31: ='PLANILHA ORÇ.'!I250 -> 7095.85 | D31: =C31/$C$45 -> 0.0030625148 | K31: =C31 -> 7095.85 | Q31: =P31+O31+N31+M31+L31+K31+J31+I31+H31+G31+F31+E31 -> 7095.85
A32: 3.4 | B32: ALVENARIA | C32: ='PLANILHA ORÇ.'!I253 -> 1365.94 | D32: =C32/$C$45 -> 0.00058952931 | K32: =C32 -> 1365.94 | Q32: =P32+O32+N32+M32+L32+K32+J32+I32+H32+G32+F32+E32 -> 1365.94
A33: 3.5 | B33: REVESTIMENTO DE PAREDES | C33: ='PLANILHA ORÇ.'!I257 -> 2314.2006 | D33: =C33/$C$45 -> 0.00099879136 | L33: =C33 -> 2314.2006 | Q33: =P33+O33+N33+M33+L33+K33+J33+I33+H33+G33+F33+E33 -> 2314.2006
A34: 3.6 | B34: PINTURA | C34: ='PLANILHA ORÇ.'!I260 -> 856.9 | D34: =C34/$C$45 -> 0.00036983152 | P34: =C34 -> 856.9 | Q34: =P34+O34+N34+M34+L34+K34+J34+I34+H34+G34+F34+E34 -> 856.9
A35: 3.7 | B35: COBERTURA | C35: ='PLANILHA ORÇ.'!I264 -> 25388.09 | D35: =C35/$C$45 -> 0.010957306 | K35: =C35/2 -> 12694.045 | L35: =C35/2 -> 12694.045 | Q35: =P35+O35+N35+M35+L35+K35+J35+I35+H35+G35+F35+E35 -> 25388.09
A36: 3.8 | B36: DIVERSOS | C36: ='PLANILHA ORÇ.'!I267 -> 810.34 | D36: =C36/$C$45 -> 0.00034973658 | P36: =C36 -> 810.34 | Q36: =P36+O36+N36+M36+L36+K36+J36+I36+H36+G36+F36+E36 -> 810.34
A37: 4.0 | B37: MURO DE ARRIMO
A38: 4.1 | B38: MOVIMENTO DE TERRA | C38: ='PLANILHA ORÇ.'!I273 -> 18317.44 | D38: =C38/$C$45 -> 0.0079056677 | E38: =C38 -> 18317.44 | Q38: =P38+O38+N38+M38+L38+K38+J38+I38+H38+G38+F38+E38 -> 18317.44
A39: 4.2 | B39: INFRA-ESTRUTURA | C39: ='PLANILHA ORÇ.'!I279 -> 120418.95 | D39: =C39/$C$45 -> 0.051971902 | E39: =C39/2 -> 60209.475 | F39: =C39/2 -> 60209.475 | Q39: =P39+O39+N39+M39+L39+K39+J39+I39+H39+G39+F39+E39 -> 120418.95
A40: 5.0 | B40: PISCINA
A41: 5.1 | B41: MOVIMENTO DE TERRA | C41: ='PLANILHA ORÇ.'!I284 -> 4621.65 | D41: =C41/$C$45 -> 0.001994669 | F41: =C41 -> 4621.65 | Q41: =P41+O41+N41+M41+L41+K41+J41+I41+H41+G41+F41+E41 -> 4621.65
A42: 5.2 | B42: INFRA-ESTRUTURA | C42: ='PLANILHA ORÇ.'!I292 -> 93179.42 | D42: =C42/$C$45 -> 0.040215528 | G42: =C42/2 -> 46589.71 | H42: =C42/2 -> 46589.71 | Q42: =P42+O42+N42+M42+L42+K42+J42+I42+H42+G42+F42+E42 -> 93179.42
A43: 5.3 | B43: DIVERSOS | C43: ='PLANILHA ORÇ.'!I307 -> 76549.85 | D43: =C43/$C$45 -> 0.033038333 | I43: =C43/2 -> 38274.925 | J43: =C43/2 -> 38274.925 | Q43: =P43+O43+N43+M43+L43+K43+J43+I43+H43+G43+F43+E43 -> 76549.85
A44: 6.0 | B44: ADMINISTRAÇÃO LOCAL | C44: ='PLANILHA ORÇ.'!I311 -> 44858.28 | D44: =C44/$C$45 -> 0.019360492 | K44: =C44/2 -> 22429.14 | L44: =C44/2 -> 22429.14 | Q44: =P44+O44+N44+M44+L44+K44+J44+I44+H44+G44+F44+E44 -> 44858.28
B45: TOTAL | C45: =SUM(C8:C44) -> 2317001 | D45: =SUM(D8:D44) -> 1 | E45: =SUM(E8:E44) -> 113558.88 | F45: =SUM(F8:F44) -> 93194.555 | G45: =SUM(G8:G44) -> 170879.02 | H45: =SUM(H8:H44) -> 142515.59 | I45: =SUM(I8:I44) -> 134110.61 | J45: =SUM(J8:J44) -> 479429.15 | ... Q45: =SUM(Q8:Q44) -> 2317001
B46: ACUMULADO | C46: =C45 -> 2317001 | E46: =E45 -> 113558.88 | F46: =F45+E46 -> 206753.43 | G46: =G45+F46 -> 377632.45 | H46: =H45+G46 -> 520148.04 | I46: =I45+H46 -> 654258.65 | J46: =J45+I46 -> 1133687.8 | K46: =K45+J46 -> 1489750.1 | L46: =L45+K46 -> 1603220.6 | M46: =M45+L46 -> 1709205.3 | ... P46: =P45+O46 -> 2317001
N52: GRAZIANI SARDE
N53: Engenheiro Civil - CREA-ES 11150/D

Sheet COMP. 01
A1: COMPOSIÇÃO 01
A2: OBRA: CONSTRUÇÃO DE CENTRO DE CONVIVÊNCIA DO IDOSO
A3: Orçamento: 1171001 - TABELA CUSTOS LABOR/CT-UFES PADRÃO DER-ES JANEIRO/2022(LS=157,27; BDI=0%)
A4: Órgão Cliente: DER-ES | D4: Órgão Gerente: DER-ES | G4: Data Base: Novembro/2022
A6: Planilha: 1 - TABELA CUSTOS LABOR/CT-UFES PADRÃO DER-ES JANEIRO/2022(LS=157,27; BDI=0%)
A8: Item: Escavação e aterro com areia de tubo PVC rigido para esgoto no diametro de 100mm, exclusive o tubo PVC | H8: Unidade: m
A9: Base: LABOR | C9: Código Base: '140903 | E9: Fonte: LABOR | H9: Versão: 1
A11: MÃO DE OBRA | B11: Unid | C11: Código | D11: Coefic. | E11: C. Prod. | F11: Pr. Prod. | G11: Pr. Improd. | H11: Pr. Unit. | I11: Fator Ac. | J11: Subtotal
A12: AJUDANTE (AJUDANTE PRATICO - SINDUSCON) (LABOR) | B12: H | C12: 010101 | D12: 0.52 | E12: 1 | F12: 7 | G12: 0 | H12: 18.01 | I12: - | J12: =ROUND(D12*H12,2) -> 9.37 | K12: =D12*H12 -> 9.3652
A13: SERVENTE (AUXILIAR DE OBRAS - SINDUSCON) (LABOR) | B13: H | C13: '010146 | D13: 0.57 | E13: 1 | F13: 6.16 | G13: 0 | H13: 15.85 | I13: - | J13: =D13*H13 -> 9.0345 | K13: =D13*H13 -> 9.0345
A14: SubTotal: | J14: =SUM(J12:J13) -> 18.4045
A16: MATERIAL | B16: Unid | C16: Código | D16: Coefic. | E16: C. Prod. | F16: Pr. Prod. | G16: Pr. Improd. | H16: Pr. Unit. | I16: Fator Ac. | J16: Subtotal
A17: AREIA PARA ATERRO (LABOR) | B17: M3 | C17: 020580 | D17: 0.0805 | E17: 1 | F17: =H17 -> 106.67 | G17: 0 | H17: 106.67 | I17: - | J17: =ROUND(D17*H17,2) -> 8.59
A18: SubTotal: | J18: =SUM(J17:J17) -> 8.59
A20: RESUMO
A21: DISCRIMINAÇÃO | D21: TAXA(%) | E21: VALORES
A22: Mão-de-Obra(A) | D22: 157.27 | E22: =J14 -> 18.4045
A23: Materiais(B) | E23: =J18 -> 8.59
A24: Equipamentos(C) | E24: 0
A25: Produção da Equipe(D) | E25: 1
A26: Custo Horário Total(A+C) | E26: =J14 -> 18.4045
A27: Custo Unitário da Execução[(A/D)+(C/D)] = E | E27: =J14 -> 18.4045
A28: Custo Direto Total(B+E) | E28: =E27+E23 -> 26.9945
A29: Bonificações e Despesas Indiretas - BDI | D29: 0 | E29: 0
A30: CUSTO UNITÁRIO (Adotado) | E30: =E28 -> 26.9945
E36: GRAZIANI SARDE
E37: Engenheiro Civil - CREA-ES 11150/D

Sheet COMP. 02
A1: COMPOSIÇÃO 02
A2: OBRA: CONSTRUÇÃO DE CENTRO DE CONVIVÊNCIA DO IDOSO
A3: Orçamento: 1171001 - TABELA CUSTOS LABOR/CT-UFES PADRÃO DER-ES JANEIRO/2022(LS=157,27; BDI=0%)
A4: Órgão Cliente: DER-ES | D4: Órgão Gerente: DER-ES | G4: Data Base: Novembro/2022
A6: Planilha: 1 - TABELA CUSTOS LABOR/CT-UFES PADRÃO DER-ES JANEIRO/2022(LS=157,27; BDI=0%)
A8: Item: Escavação e aterro com areia de tubo PVC rigido para esgoto no diametro de 150mm, exclusive o tubo PVC | H8: Unidade: m
A9: Base: LABOR | C9: Código Base: '140904 | E9: Fonte: LABOR | H9: Versão: 1
A11: MÃO DE OBRA | B11: Unid | C11: Código | D11: Coefic. | E11: C. Prod. | F11: Pr. Prod. | G11: Pr. Improd. | H11: Pr. Unit. | I11: Fator Ac. | J11: Subtotal
A12: AJUDANTE (AJUDANTE PRATICO - SINDUSCON) (LABOR) | B12: H | C12: 010101 | D12: 0.9 | E12: 1 | F12: 7 | G12: 0 | H12: 18.01 | I12: - | J12: =ROUND(D12*H12,2) -> 16.21
A13: SERVENTE (AUXILIAR DE OBRAS - SINDUSCON) (LABOR) | B13: H | C13: '010146 | D13: 0.57 | E13: 1 | F13: 6.16 | G13: 0 | H13: 15.85 | I13: - | J13: =ROUND(D13*H13,2) -> 9.03
A14: SubTotal: | J14: =SUM(J12:J13) -> 25.24
A16: MATERIAL | B16: Unid | C16: Código | D16: Coefic. | E16: C. Prod. | F16: Pr. Prod. | G16: Pr. Improd. | H16: Pr. Unit. | I16: Fator Ac. | J16: Subtotal
A17: AREIA PARA ATERRO (LABOR) | B17: M3 | C17: 020580 | D17: 0.0805 | E17: 1 | F17: =H17 -> 106.67 | G17: 0 | H17: 106.67 | I17: - | J17: =ROUND(D17*H17,2) -> 8.59
A18: SubTotal: | J18: =SUM(J17:J17) -> 8.59
A20: RESUMO
A21: DISCRIMINAÇÃO | D21: TAXA(%) | E21: VALORES
A22: Mão-de-Obra(A) | D22: 157.27 | E22: =J14 -> 25.24
A23: Materiais(B) | E23: =J18 -> 8.59
A24: Equipamentos(C) | E24: 0
A25: Produção da Equipe(D) | E25: 1
A26: Custo Horário Total(A+C) | E26: =J14 -> 25.24
A27: Custo Unitário da Execução[(A/D)+(C/D)] = E | E27: =J14 -> 25.24
A28: Custo Direto Total(B+E) | E28: =E27+E23 -> 33.83
A29: Bonificações e Despesas Indiretas - BDI | D29: 0 | E29: 0
A30: CUSTO UNITÁRIO (Adotado) | E30: =E28 -> 33.83
E36: GRAZIANI SARDE
E37: Engenheiro Civil - CREA-ES 11150/D

Sheet COMP. 03
A1: COMPOSIÇÃO 03
A2: OBRA: CONSTRUÇÃO DE CENTRO DE CONVIVÊNCIA DO IDOSO
A3: Serviço: | C3: Unidade: | D3: Data:
A4: Fornecimento e Instalação de Cisterna Vertical com capacidade de 5000L | C4: uni | D4: 44981
A5: Referência: Mercado
A6: Especificação | B6: Unidade | C6: Quantidade | D6: Preço Unitário | E6: Subtotal | F6: Total | G6: Referência | H6: Código da referência
A7: 1 - Materiais
A8: Cisterna Vertical 5.000L | B8: uni | C8: 1 | D8: ='Resumo de Cotações'!L5 -> 4873.0667 | F8: =D8*C8 -> 4873.0667 | G8: Mercado | H8: C.5
A10: 1 - Mão de Obra
A11: Ajudante (Ajudante Pratico - SINDUCON) (LABOR) | B11: h | C11: 1.68 | D11: 18.01 | F11: =D11*C11 -> 30.2568 | G11: DER - EDI | H11: 010101
A12: Encanador (Oficial - SINDUCON) (LABOR) | B12: h | C12: 1.68 | D12: 21.35 | F12: =D12*C12 -> 35.868 | G12: DER - EDI | H12: 010118
A14: SUBTOTAL | F14: =SUM(F8:F13) -> 4939.1915
A15: 4 - Leis Sociais | D15: 0.9092
A17: 5 - BDI - Adicionais sobre custo direto : eventuais,
A18: administração central, impostos, transportes e lucros | D18: 0 | F18: =F14*D18 -> 0
A20: 6 - PREÇO FINAL | F20: =F18+F14 -> 4939.1915
C31: GRAZIANI SARDE
C32: Engenheiro Civil - CREA-ES 11150/D

Sheet COMP. 04
A1: COMPOSIÇÃO 04
A2: OBRA: CONSTRUÇÃO DE CENTRO DE CONVIVÊNCIA DO IDOSO
A3: Serviço: | C3: Unidade: | D3: Data:
A4: Fornecimento e Instalação de Filtro VF1 para captar água da chuva | C4: uni | D4: 44981
A5: Referência: Mercado
A6: Especificação | B6: Unidade | C6: Quantidade | D6: Preço Unitário | E6: Subtotal | F6: Total | G6: Referência | H6: Código da referência
A7: 1 - Materiais
A8: Filtro VF1 para captar água da chuva | B8: uni | C8: 1 | D8: ='Resumo de Cotações'!L11 -> 1570.1667 | F8: =D8*C8 -> 1570.1667 | G8: Mercado | H8: C.12
A10: 1 - Mão de Obra
A11: Ajudante (Ajudante Pratico - SINDUCON) (LABOR) | B11: h | C11: 0.5 | D11: 18.01 | F11: =D11*C11 -> 9.005 | G11: DER - EDI | H11: 010101
A12: Encanador (Oficial - SINDUCON) (LABOR) | B12: h | C12: 0.5 | D12: 21.35 | F12: =D12*C12 -> 10.675 | G12: DER - EDI | H12: 010118
A14: SUBTOTAL | F14: =SUM(F8:F13) -> 1589.8467
A15: 4 - Leis Sociais | D15: 0.9092
A17: 5 - BDI - Adicionais sobre custo direto : eventuais,
A18: administração central, impostos, transportes e lucros | D18: 0 | F18: =F14*D18 -> 0
A20: 6 - PREÇO FINAL | F20: =F18+F14 -> 1589.8467
C31: GRAZIANI SARDE
C32: Engenheiro Civil - CREA-ES 11150/D

Sheet COMP. 05
A1: COMPOSIÇÃO 05
A2: OBRA: CONSTRUÇÃO DE CENTRO DE CONVIVÊNCIA DO IDOSO
A3: Serviço: | C3: Unidade: | D3: Data:
A4: Fornecimento e Instalação de Separador de Folhas | C4: uni | D4: 44981
A5: Referência: Mercado
A6: Especificação | B6: Unidade | C6: Quantidade | D6: Preço Unitário | E6: Subtotal | F6: Total | G6: Referência | H6: Código da referência
A7: 1 - Materiais
A8: Separador de Folhas | B8: uni | C8: 1 | D8: ='Resumo de Cotações'!L12 -> 98.03 | F8: =D8*C8 -> 98.03 | G8: Mercado | H8: C.13
A10: 1 - Mão de Obra
A11: Ajudante (Ajudante Pratico - SINDUCON) (LABOR) | B11: h | C11: 0.5 | D11: 18.01 | F11: =D11*C11 -> 9.005 | G11: DER - EDI | H11: 010101
A12: Encanador (Oficial - SINDUCON) (LABOR) | B12: h | C12: 0.5 | D12: 21.35 | F12: =D12*C12 -> 10.675 | G12: DER - EDI | H12: 010118
A14: SUBTOTAL | F14: =SUM(F8:F13) -> 117.71
A15: 4 - Leis Sociais | D15: 0.9092
A17: 5 - BDI - Adicionais sobre custo direto : eventuais,
A18: administração central, impostos, transportes e lucros | D18: 0 | F18: =F14*D18 -> 0
A20: 6 - PREÇO FINAL | F20: =F18+F14 -> 117.71
D31: GRAZIANI SARDE
D32: Engenheiro Civil - CREA-ES 11150/D

Sheet COMP. 06
A1: COMPOSIÇÃO 06
A2: OBRA: CONSTRUÇÃO DE CENTRO DE CONVIVÊNCIA DO IDOSO
A3: Serviço: | C3: Unidade: | D3: Data:
A4: Fornecimento e Instalação de Luminária Espeto de Jardim 6W | C4: uni | D4: 44981
A5: Referência: Mercado
A6: Especificação | B6: Unidade | C6: Quantidade | D6: Preço Unitário | E6: Subtotal | F6: Total | G6: Referência | H6: Código da referência
A7: 1 - Materiais
A8: Luminaria Espeto de Jardim 6W | B8: uni | C8: 1 | D8: ='Resumo de Cotações'!L13 -> 53.233333 | F8: =D8*C8 -> 53.233333 | G8: Mercado | H8: C.14
A10: 1 - Mão de Obra
A11: Ajudante (Ajudante Pratico - SINDUCON) (LABOR) | B11: h | C11: 0.85 | D11: 18.01 | F11: =D11*C11 -> 15.3085 | G11: DER - EDI | H11: 010101
A12: Eletricista (Oficial - SINDUCON) (LABOR) | B12: h | C12: 0.85 | D12: 21.35 | F12: =D12*C12 -> 18.1475 | G12: DER - EDI | H12: 010115
A14: SUBTOTAL | F14: =SUM(F8:F13) -> 86.689333
A15: 4 - Leis Sociais | D15: 0.9092
A17: 5 - BDI - Adicionais sobre custo direto : eventuais,
A18: administração central, impostos, transportes e lucros | D18: 0 | F18: =F14*D18 -> 0
A20: 6 - PREÇO FINAL | F20: =F18+F14 -> 86.689333
C31: GRAZIANI SARDE
C32: Engenheiro Civil - CREA-ES 11150/D

Sheet COMP. 07
A1: COMPOSIÇÃO 07
A2: OBRA: CONSTRUÇÃO DE CENTRO DE CONVIVÊNCIA DO IDOSO
A3: Serviço: | C3: Unidade: | D3: Data:
A4: Fornecimento e Instalação deQuadro de Distribuição Trif. 70 dijs. - In Barr 225A | C4: uni | D4: 44707
A5: Referência: Mercado
A6: Especificação | B6: Unidade | C6: Quantidade | D6: Preço Unitário | E6: Subtotal | F6: Total | G6: Referência | H6: Código da referência
A7: 1 - Materiais
A8: Quadro de Distribuição Trif. 70 dijs. - In Barr 225A | B8: uni | C8: 1 | D8: ='Resumo de Cotações'!L14 -> 1493.3 | F8: =D8*C8 -> 1493.3 | G8: Mercado | H8: C.15
A10: 1 - Mão de Obra
A11: Ajudante (Ajudante Pratico - SINDUCON) (LABOR) | B11: h | C11: 5 | D11: 18.01 | F11: =D11*C11 -> 90.05 | G11: DER - EDI | H11: 010101
A12: Eletricista (Oficial - SINDUCON) (LABOR) | B12: h | C12: 5 | D12: 21.35 | F12: =D12*C12 -> 106.75 | G12: DER - EDI | H12: 010115
A14: SUBTOTAL | F14: =SUM(F8:F13) -> 1690.1
A15: 4 - Leis Sociais | D15: 0.9092
A17: 5 - BDI - Adicionais sobre custo direto : eventuais,
A18: administração central, impostos, transportes e lucros | D18: 0 | F18: =F14*D18 -> 0
A20: 6 - PREÇO FINAL | F20: =F18+F14 -> 1690.1
C31: GRAZIANI SARDE
C32: Engenheiro Civil - CREA-ES 11150/D

Sheet COMP. 08
A1: COMPOSIÇÃO 08
A2: OBRA: CONSTRUÇÃO DE CENTRO DE CONVIVÊNCIA DO IDOSO
A3: Serviço: | C3: Unidade: | D3: Data:
A4: Fornecimento e Instalação de Refletor Holofote Led Bivolt Branco Frio 30W | C4: uni | D4: 44981
A5: Referência: Mercado
A6: Especificação | B6: Unidade | C6: Quantidade | D6: Preço Unitário | E6: Subtotal | F6: Total | G6: Referência | H6: Código da referência
A7: 1 - Materiais
A8: Refletor Holofote Led Bivolt Branco Frio 30W | B8: uni | C8: 1 | D8: ='Resumo de Cotações'!L15 -> 58.3 | F8: =D8*C8 -> 58.3 | G8: Mercado | H8: C.16
A10: 1 - Mão de Obra
A11: Ajudante (Ajudante Pratico - SINDUCON) (LABOR) | B11: h | C11: 0.85 | D11: 18.01 | F11: =D11*C11 -> 15.3085 | G11: DER - EDI | H11: 010101
A12: Eletricista (Oficial - SINDUCON) (LABOR) | B12: h | C12: 0.85 | D12: 21.35 | F12: =D12*C12 -> 18.1475 | G12: DER - EDI | H12: 010115
A14: SUBTOTAL | F14: =SUM(F8:F13) -> 91.756
A15: 4 - Leis Sociais | D15: 0.9092
A17: 5 - BDI - Adicionais sobre custo direto : eventuais,
A18: administração central, impostos, transportes e lucros | D18: 0 | F18: =F14*D18 -> 0
A20: 6 - PREÇO FINAL | F20: =F18+F14 -> 91.756
C31: GRAZIANI SARDE
C32: Engenheiro Civil - CREA-ES 11150/D

Sheet COMP. 09
A1: COMPOSIÇÃO 09
A2: OBRA: CONSTRUÇÃO DE CENTRO DE CONVIVÊNCIA DO IDOSO
A3: Serviço: | C3: Unidade: | D3: Data:
A4: Fornecimento e Instalação de Luminária tipo Plafon, LED, 30x30 cm, 30W, Branco Frio | C4: uni | D4: 44707
A5: Referência: Mercado
A6: Especificação | B6: Unidade | C6: Quantidade | D6: Preço Unitário | E6: Subtotal | F6: Total | G6: Referência | H6: Código da referência
A7: 1 - Materiais
A8: Luminária tipo Plafon, LED, 30x30 cm, 30W, Branco Frio | B8: uni | C8: 1 | D8: ='Resumo de Cotações'!L16 -> 45.616667 | F8: =D8*C8 -> 45.616667 | G8: Mercado | H8: C.17
A10: 1 - Mão de Obra
A11: Ajudante (Ajudante Pratico - SINDUCON) (LABOR) | B11: h | C11: 0.85 | D11: 18.01 | F11: =D11*C11 -> 15.3085 | G11: DER - EDI | H11: 010101
A12: Eletricista (Oficial - SINDUCON) (LABOR) | B12: h | C12: 0.85 | D12: 21.35 | F12: =D12*C12 -> 18.1475 | G12: DER - EDI | H12: 010115
A14: SUBTOTAL | F14: =SUM(F8:F13) -> 79.072667
A15: 4 - Leis Sociais | D15: 0.9092
A17: 5 - BDI - Adicionais sobre custo direto : eventuais,
A18: administração central, impostos, transportes e lucros | D18: 0 | F18: =F14*D18 -> 0
A20: 6 - PREÇO FINAL | F20: =F18+F14 -> 79.072667
C31: GRAZIANI SARDE
C32: Engenheiro Civil - CREA-ES 11150/D

Sheet COMP. 10
A1: COMPOSIÇÃO 10
A2: OBRA: CONSTRUÇÃO DE CENTRO DE CONVIVÊNCIA DO IDOSO
A3: Serviço: | C3: Unidade: | D3: Data:
A4: Fornecimento e Instalação de Interruptor horário - 120V | C4: uni | D4: 44981
A5: Referência: Mercado
A6: Especificação | B6: Unidade | C6: Quantidade | D6: Preço Unitário | E6: Subtotal | F6: Total | G6: Referência | H6: Código da referência
A7: 1 - Materiais
A8: Interruptor horário - 120V | B8: uni | C8: 1 | D8: ='Resumo de Cotações'!L17 -> 111.2 | F8: =D8*C8 -> 111.2 | G8: Mercado | H8: C.18
A10: 1 - Mão de Obra
A11: Ajudante (Ajudante Pratico - SINDUCON) (LABOR) | B11: h | C11: 0.6 | D11: 18.01 | F11: =D11*C11 -> 10.806 | G11: DER - EDI | H11: 010101
A12: Eletricista (Oficial - SINDUCON) (LABOR) | B12: h | C12: 0.6 | D12: 21.35 | F12: =D12*C12 -> 12.81 | G12: DER - EDI | H12: 010115
A14: SUBTOTAL | F14: =SUM(F8:F13) -> 134.816
A15: 4 - Leis Sociais | D15: 0.9092
A17: 5 - BDI - Adicionais sobre custo direto : eventuais,
A18: administração central, impostos, transportes e lucros | D18: 0 | F18: =F14*D18 -> 0
A20: 6 - PREÇO FINAL | F20: =F18+F14 -> 134.816
C31: GRAZIANI SARDE
C32: Engenheiro Civil - CREA-ES 11150/D

Sheet COMP. 11
A1: COMPOSIÇÃO 11
A2: OBRA: CONSTRUÇÃO DE CENTRO DE CONVIVÊNCIA DO IDOSO
A3: Serviço: | C3: Unidade: | D3: Data:
A4: Fornecimento e Instalação de Pressurizadores de Rede 220V (1/2CV) | C4: uni | D4: 44981
A5: Referência: Mercado
A6: Especificação | B6: Unidade | C6: Quantidade | D6: Preço Unitário | E6: Subtotal | F6: Total | G6: Referência | H6: Código da referência
A7: 1 - Materiais
A8: Pressurizadores de Rede 220V (1/2CV) | B8: uni | C8: 1 | D8: ='Resumo de Cotações'!L20 -> 3392.0767 | F8: =D8*C8 -> 3392.0767 | G8: Mercado | H8: C.21
A10: 1 - Mão de Obra
A11: Ajudante (Ajudante Pratico - SINDUCON) (LABOR) | B11: h | C11: 0.85 | D11: 18.01 | F11: =D11*C11 -> 15.3085 | G11: DER - EDI | H11: 010101
A12: Eletricista (Oficial - SINDUCON) (LABOR) | B12: h | C12: 0.85 | D12: 21.35 | F12: =D12*C12 -> 18.1475 | G12: DER - EDI | H12: 010115
A14: SUBTOTAL | F14: =SUM(F8:F13) -> 3425.5327
A15: 4 - Leis Sociais | D15: 0.9092
A17: 5 - BDI - Adicionais sobre custo direto : eventuais,
A18: administração central, impostos, transportes e lucros | D18: 0 | F18: =F14*D18 -> 0
A20: 6 - PREÇO FINAL | F20: =F18+F14 -> 3425.5327
C31: GRAZIANI SARDE
C32: Engenheiro Civil - CREA-ES 11150/D

Sheet COMP. 12
A1: COMPOSIÇÃO 12
A2: OBRA: CONSTRUÇÃO DE CENTRO DE CONVIVÊNCIA DO IDOSO
A3: Serviço: | C3: Unidade: | D3: Data:
A4: Fornecimento de Banco de Jardim em Madeira e Pé de Ferro Francês - Cor Castanho | C4: m² | D4: 44981
A5: Referência: Mercado
A6: Especificação | B6: Unidade | C6: Quantidade | D6: Preço Unitário | E6: Subtotal | F6: Total | G6: Referência | H6: Código da referência
A7: 1 - Materiais
A8: Banco de Jardim em Madeira e Pé de Ferro Francês - Cor Castanho | B8: Unidade | C8: 1 | D8: ='Resumo de Cotações'!L21 -> 519.3 | F8: =D8*C8 -> 519.3 | G8: MERCADO | H8: C.22
A14: SUBTOTAL | F14: =SUM(F8:F12) -> 519.3
A15: 4 - Leis Sociais | D15: 0.9092
A17: 5 - BDI - Adicionais sobre custo direto : eventuais,
A18: administração central, impostos, transportes e lucros | D18: 0.1557 | F18: =F14*D18 -> 80.85501
A20: 6 - PREÇO FINAL | F20: =F18+F14 -> 600.15501
C26: GRAZIANI SARDE
C27: Engenheiro Civil - CREA-ES 11150/D

Sheet COMP.13
A1: COMPOSIÇÃO 13
A2: OBRA: CONSTRUÇÃO DE CENTRO DE CONVIVÊNCIA DO IDOSO
A3: Serviço: | C3: Unidade: | D3: Data:
A4: Fornecimento e Instalação de chapas ACM | C4: m² | D4: 44707
A5: Referência: Mercado
A6: Especificação | B6: Unidade | C6: Quantidade | D6: Preço Unitário | E6: Subtotal | F6: Total | G6: Referência | H6: Código da referência
A7: 1 - Materiais
A8: Fornecimento e Instalação de chapas ACM | B8: Unidade | C8: 1 | D8: ='Resumo de Cotações'!L22 -> 511.26667 | F8: =D8*C8 -> 511.26667 | G8: MERCADO | H8: C.23
A14: SUBTOTAL | F14: =SUM(F8:F12) -> 511.26667
A15: 4 - Leis Sociais | D15: 0.9092
A17: 5 - BDI - Adicionais sobre custo direto : eventuais,
A18: administração central, impostos, transportes e lucros | D18: 0.1557 | F18: =F14*D18 -> 79.60422
A20: 6 - PREÇO FINAL | F20: =F18+F14 -> 590.87089
C26: GRAZIANI SARDE
C27: Engenheiro Civil - CREA-ES 11150/D

Sheet COMP. 14
A1: COMPOSIÇÃO 14
A2: OBRA: CONSTRUÇÃO DE CENTRO DE CONVIVÊNCIA DO IDOSO
A3: Orçamento: 1171001 - TABELA CUSTOS LABOR/CT-UFES PADRÃO DER-ES JANEIRO/2022(LS=157,27; BDI=0%)
A4: Órgão Cliente: DER-ES | D4: Órgão Gerente: DER-ES | G4: Data Base: Janeiro/2022
A6: Planilha: 1 - TABELA CUSTOS LABOR/CT-UFES PADRÃO DER-ES JANEIRO/2022(LS=157,27; BDI=0%)
A8: Item: Emboço de argamassa de cimento, cal hidratada CH1 e areia média ou grossa lavada no traço 1:0.5:6, espessura 20 mm, com impermeabilizante para revestimentos | H8: Unidade: m2
A9: Base: LABOR | C9: Código Base: '120301 | E9: Fonte: LABOR | H9: Versão: 1
A11: MÃO DE OBRA | B11: Unid | C11: Código | D11: Coefic. | E11: C. Prod. | F11: Pr. Prod. | G11: Pr. Improd. | H11: Pr. Unit. | I11: Fator Ac. | J11: Subtotal
A12: PEDREIRO - (OFICIAL - SINDUSCON) (LABOR) | B12: H | C12: 010139 | D12: 0.6 | E12: 1 | F12: 7.43 | G12: 0 | H12: 21.35 | I12: - | J12: =D12*H12 -> 12.81
A13: SERVENTE (AUXILIAR DE OBRAS - SINDUSCON) (LABOR) | B13: H | C13: '010146 | D13: 0.8 | E13: 1 | F13: 5.51 | G13: 0 | H13: 15.85 | I13: - | J13: =D13*H13 -> 12.68
A14: SubTotal: | J14: =J12+J13 -> 25.49
A16: MATERIAL | B16: Unid | C16: Código | D16: Coefic. | E16: C. Prod. | F16: Pr. Prod. | G16: Pr. Improd. | H16: Pr. Unit. | I16: Fator Ac. | J16: Subtotal
A17: AREIA LAVADA MEDIA (LABOR) | B17: M3 | C17: 020503 | D17: 0.0232 | E17: 1 | F17: =H17 -> 136.67 | G17: 0 | H17: 136.67 | I17: - | J17: =ROUND(D17*H17,3) -> 3.171
A18: CAL HIDRATADO P/ ARGAMASSA CH III (LABOR) | B18: KG | C18: '020505 | D18: 1.16 | E18: 1 | F18: =H18 -> 0.81 | G18: 0 | H18: 0.81 | I18: - | J18: =ROUND(D18*H18,3) -> 0.94
A19: CIMENTO PORTLAND CP III - 40 (LABOR) | B19: KG | C19: '020508 | D19: 4.48 | E19: 1 | F19: =H19 -> 0.63 | G19: 0 | H19: 0.63 | I19: - | J19: =ROUND(D19*H19,3) -> 2.822
A20: ADITIVO SIKA 1 (LABOR) | B20: KG | C20: 24015 | D20: 0.5 | E20: 1 | F20: =H20 -> 8.41 | G20: 0 | H20: 8.41 | J20: =ROUND(D20*H20,3) -> 4.205
A21: SubTotal: | J21: =SUM(J17:J20) -> 11.138
A23: RESUMO
A24: DISCRIMINAÇÃO | D24: TAXA(%) | E24: VALORES
A25: Mão-de-Obra(A) | D25: 157.27 | E25: =J14 -> 25.49
A26: Materiais(B) | E26: =J21 -> 11.138
A27: Equipamentos(C) | E27: 0
A28: Produção da Equipe(D) | E28: 1
A29: Custo Horário Total(A+C) | E29: =E25 -> 25.49
A30: Custo Unitário da Execução[(A/D)+(C/D)] = E | E30: =E25 -> 25.49
A31: Custo Direto Total(B+E) | E31: =ROUND(E30+E26,2) -> 36.63
A32: Bonificações e Despesas Indiretas - BDI | D32: 0 | E32: 0
A33: CUSTO UNITÁRIO (Adotado) | E33: =E25+E26 -> 36.628
E39: GRAZIANI SARDE
E40: Engenheiro Civil - CREA-ES 11150/D

Sheet COMP. 15
A1: COMPOSIÇÃO 15
A2: OBRA: CONSTRUÇÃO DE CENTRO DE CONVIVÊNCIA DO IDOSO
A3: Serviço: | C3: Unidade: | D3: Data:
A4: Fornecimento e Instalação de Filtro + Motobomba para Piscina | C4: uni | D4: 44981
A5: Referência: Mercado
A6: Especificação | B6: Unidade | C6: Quantidade | D6: Preço Unitário | E6: Subtotal | F6: Total | G6: Referência | H6: Código da referência
A7: 1 - Materiais
A8: Filtro + Motobomba para Piscina | B8: uni | C8: 1 | D8: ='Resumo de Cotações'!L6 -> 3039.3333 | F8: =D8*C8 -> 3039.3333 | G8: Mercado | H8: C.6
A10: 1 - Mão de Obra
A11: Ajudante (Ajudante Pratico - SINDUCON) (LABOR) | B11: h | C11: 1.68 | D11: 18.01 | F11: =D11*C11 -> 30.2568 | G11: DER - EDI | H11: 010101
A12: Eletricista (Oficial - SINDUCON) (LABOR) | B12: h | C12: 0.8 | D12: 21.35 | F12: =D12*C12 -> 17.08 | G12: DER - EDI | H12: 010115
A13: Encanador (Oficial - SINDUCON) (LABOR) | B13: h | C13: 1.3 | D13: 21.35 | F13: =D13*C13 -> 27.755 | G13: DER - EDI | H13: 010118
A15: SUBTOTAL | F15: =SUM(F8:F14) -> 3114.4251
A16: 4 - Leis Sociais | D16: 0.9092
A18: 5 - BDI - Adicionais sobre custo direto : eventuais,
A19: administração central, impostos, transportes e lucros | D19: 0 | F19: =F15*D19 -> 0
A21: 6 - PREÇO FINAL | F21: =F19+F15 -> 3114.4251
C32: GRAZIANI SARDE
C33: Engenheiro Civil - CREA-ES 11150/D

Sheet COMP. 16
A1: COMPOSIÇÃO 16
A2: OBRA: CONSTRUÇÃO DE CENTRO DE CONVIVÊNCIA DO IDOSO
A3: Serviço: | C3: Unidade: | D3: Data:
A4: Fornecimento e Instalação de Ralo de fundo p/ piscina DN 50 mm c tampa anti-aprisionamento | C4: uni | D4: 44707
A5: Referência: Mercado
A6: Especificação | B6: Unidade | C6: Quantidade | D6: Preço Unitário | E6: Subtotal | F6: Total | G6: Referência | H6: Código da referência
A7: 1 - Materiais
A8: Ralo de fundo p/ piscina DN 50 mm c tampa anti-aprisionamento | B8: uni | C8: 1 | D8: ='Resumo de Cotações'!L7 -> 195.66667 | F8: =D8*C8 -> 195.66667 | G8: Mercado | H8: C.7
A10: 1 - Mão de Obra
A11: Ajudante (Ajudante Pratico - SINDUCON) (LABOR) | B11: h | C11: 0.98 | D11: 18.01 | F11: =D11*C11 -> 17.6498 | G11: DER - EDI | H11: 010101
A12: Encanador (Oficial - SINDUCON) (LABOR) | B12: h | C12: 0.98 | D12: 21.35 | F12: =D12*C12 -> 20.923 | G12: DER - EDI | H12: 010118
A14: SUBTOTAL | F14: =SUM(F8:F13) -> 234.23947
A15: 4 - Leis Sociais | D15: 0.9092
A17: 5 - BDI - Adicionais sobre custo direto : eventuais,
A18: administração central, impostos, transportes e lucros | D18: 0 | F18: =F14*D18 -> 0
A20: 6 - PREÇO FINAL | F20: =F18+F14 -> 234.23947
C31: GRAZIANI SARDE
C32: Engenheiro Civil - CREA-ES 11150/D

Sheet COMP. 17
A1: COMPOSIÇÃO 17
A2: OBRA: CONSTRUÇÃO DE CENTRO DE CONVIVÊNCIA DO IDOSO
A3: Serviço: | C3: Unidade: | D3: Data:
A4: Fornecimento e Instalação de Skimmer | C4: uni | D4: 44981
A5: Referência: Mercado
A6: Especificação | B6: Unidade | C6: Quantidade | D6: Preço Unitário | E6: Subtotal | F6: Total | G6: Referência | H6: Código da referência
A7: 1 - Materiais
A8: Skimmer | B8: uni | C8: 1 | D8: ='Resumo de Cotações'!L8 -> 761 | F8: =D8*C8 -> 761 | G8: Mercado | H8: C.8
A10: 1 - Mão de Obra
A11: Ajudante (Ajudante Pratico - SINDUCON) (LABOR) | B11: h | C11: 0.5 | D11: 18.01 | F11: =D11*C11 -> 9.005 | G11: DER - EDI | H11: 010101
A12: Encanador (Oficial - SINDUCON) (LABOR) | B12: h | C12: 0.5 | D12: 21.35 | F12: =D12*C12 -> 10.675 | G12: DER - EDI | H12: 010118
A14: SUBTOTAL | F14: =SUM(F8:F13) -> 780.68
A15: 4 - Leis Sociais | D15: 0.9092
A17: 5 - BDI - Adicionais sobre custo direto : eventuais,
A18: administração central, impostos, transportes e lucros | D18: 0 | F18: =F14*D18 -> 0
A20: 6 - PREÇO FINAL | F20: =F18+F14 -> 780.68
C31: GRAZIANI SARDE
C32: Engenheiro Civil - CREA-ES 11150/D

Sheet COMP. 18
A1: COMPOSIÇÃO 18
A2: OBRA: CONSTRUÇÃO DE CENTRO DE CONVIVÊNCIA DO IDOSO
A3: Serviço: | C3: Unidade: | D3: Data:
A4: Fornecimento e Instalação de Dispositivo de Aspiração | C4: uni | D4: 44981
A5: Referência: Mercado
A6: Especificação | B6: Unidade | C6: Quantidade | D6: Preço Unitário | E6: Subtotal | F6: Total | G6: Referência | H6: Código da referência
A7: 1 - Materiais
A8: Dispositivo de Aspiração | B8: uni | C8: 1 | D8: ='Resumo de Cotações'!L9 -> 70 | F8: =D8*C8 -> 70 | G8: Mercado | H8: C.9
A10: 1 - Mão de Obra
A11: Ajudante (Ajudante Pratico - SINDUCON) (LABOR) | B11: h | C11: 0.5 | D11: 18.01 | F11: =D11*C11 -> 9.005 | G11: DER - EDI | H11: 010101
A12: Encanador (Oficial - SINDUCON) (LABOR) | B12: h | C12: 0.5 | D12: 21.35 | F12: =D12*C12 -> 10.675 | G12: DER - EDI | H12: 010118
A14: SUBTOTAL | F14: =SUM(F8:F13) -> 89.68
A15: 4 - Leis Sociais | D15: 0.9092
A17: 5 - BDI - Adicionais sobre custo direto : eventuais,
A18: administração central, impostos, transportes e lucros | D18: 0 | F18: =F14*D18 -> 0
A20: 6 - PREÇO FINAL | F20: =F18+F14 -> 89.68
C31: GRAZIANI SARDE
C32: Engenheiro Civil - CREA-ES 11150/D

Sheet COMP. 19
A1: COMPOSIÇÃO 19
A2: OBRA: CONSTRUÇÃO DE CENTRO DE CONVIVÊNCIA DO IDOSO
A3: Serviço: | C3: Unidade: | D3: Data:
A4: Fornecimento e Instalação de Dispositivo de Retorno | C4: uni | D4: 44981
A5: Referência: Mercado
A6: Especificação | B6: Unidade | C6: Quantidade | D6: Preço Unitário | E6: Subtotal | F6: Total | G6: Referência | H6: Código da referência
A7: 1 - Materiais
A8: Dispositivo de Retorno | B8: uni | C8: 1 | D8: ='Resumo de Cotações'!L10 -> 66.666667 | F8: =D8*C8 -> 66.666667 | G8: Mercado | H8: C.10
A10: 1 - Mão de Obra
A11: Ajudante (Ajudante Pratico - SINDUCON) (LABOR) | B11: h | C11: 0.5 | D11: 18.01 | F11: =D11*C11 -> 9.005 | G11: DER - EDI | H11: 010101
A12: Encanador (Oficial - SINDUCON) (LABOR) | B12: h | C12: 0.5 | D12: 21.35 | F12: =D12*C12 -> 10.675 | G12: DER - EDI | H12: 010118
A14: SUBTOTAL | F14: =SUM(F8:F13) -> 86.346667
A15: 4 - Leis Sociais | D15: 0.9092
A17: 5 - BDI - Adicionais sobre custo direto : eventuais,
A18: administração central, impostos, transportes e lucros | D18: 0 | F18: =F14*D18 -> 0
A20: 6 - PREÇO FINAL | F20: =F18+F14 -> 86.346667
C31: GRAZIANI SARDE
C32: Engenheiro Civil - CREA-ES 11150/D

Sheet COMP. 20
A1: COMPOSIÇÃO 20
A2: OBRA: CONSTRUÇÃO DE CENTRO DE CONVIVÊNCIA DO IDOSO
A3: Serviço: | C3: Unidade: | D3: Data:
A4: Fornecimento e Instalação de Led RGB 9W para piscina | C4: uni | D4: 44981
A5: Referência: Mercado
A6: Especificação | B6: Unidade | C6: Quantidade | D6: Preço Unitário | E6: Subtotal | F6: Total | G6: Referência | H6: Código da referência
A7: 1 - Materiais
A8: Led RGB 9W - para Piscina | B8: uni | C8: 1 | D8: ='Resumo de Cotações'!L18 -> 1170.3333 | F8: =D8*C8 -> 1170.3333 | G8: Mercado | H8: C.19
A10: 1 - Mão de Obra
A11: Ajudante (Ajudante Pratico - SINDUCON) (LABOR) | B11: h | C11: 0.5 | D11: 18.01 | F11: =D11*C11 -> 9.005 | G11: DER - EDI | H11: 010101
A12: Eletricista (Oficial - SINDUCON) (LABOR) | B12: h | C12: 0.5 | D12: 21.35 | F12: =D12*C12 -> 10.675 | G12: DER - EDI | H12: 010115
A14: SUBTOTAL | F14: =SUM(F8:F13) -> 1190.0133
A15: 4 - Leis Sociais | D15: 0.9092
A17: 5 - BDI - Adicionais sobre custo direto : eventuais,
A18: administração central, impostos, transportes e lucros | D18: 0 | F18: =F14*D18 -> 0
A20: 6 - PREÇO FINAL | F20: =F18+F14 -> 1190.0133
C31: GRAZIANI SARDE
C32: Engenheiro Civil - CREA-ES 11150/D

Sheet COMP. 21
A1: COMPOSIÇÃO 21
A2: OBRA: CONSTRUÇÃO DE CENTRO DE CONVIVÊNCIA DO IDOSO
A3: Serviço: | C3: Unidade: | D3: Data:
A4: Fornecimento e Instalação de Kit Comando e Fonte para controle de LEDs RGB 9W | C4: uni | D4: 24/022023
A5: Referência: Mercado
A6: Especificação | B6: Unidade | C6: Quantidade | D6: Preço Unitário | E6: Subtotal | F6: Total | G6: Referência | H6: Código da referência
A7: 1 - Materiais
A8: Kit Comando e Fonte para controle de LEDs RGB 9W | B8: uni | C8: 1 | D8: ='Resumo de Cotações'!L19 -> 453.33333 | F8: =D8*C8 -> 453.33333 | G8: Mercado | H8: C.20
A10: 1 - Mão de Obra
A11: Ajudante (Ajudante Pratico - SINDUCON) (LABOR) | B11: h | C11: 1 | D11: 18.01 | F11: =D11*C11 -> 18.01 | G11: DER - EDI | H11: 010101
A12: Eletricista (Oficial - SINDUCON) (LABOR) | B12: h | C12: 2 | D12: 21.35 | F12: =D12*C12 -> 42.7 | G12: DER - EDI | H12: 010115
A14: SUBTOTAL | F14: =SUM(F8:F13) -> 514.04333
A15: 4 - Leis Sociais | D15: 0.9092
A17: 5 - BDI - Adicionais sobre custo direto : eventuais,
A18: administração central, impostos, transportes e lucros | D18: 0 | F18: =F14*D18 -> 0
A20: 6 - PREÇO FINAL | F20: =F18+F14 -> 514.04333
C31: GRAZIANI SARDE
C32: Engenheiro Civil - CREA-ES 11150/D

Sheet COMP.22
A1: COMPOSIÇÃO 22
A2: OBRA: CONSTRUÇÃO DE CENTRO DE CONVIVÊNCIA DO IDOSO
A3: Serviço: | C3: Unidade: | D3: Data:
A4: Administração Local | C4: m² | D4: 44981
A5: Referência: Mercado
A6: Especificação | B6: Unidade | C6: Quantidade | D6: Preço Unitário | E6: Subtotal | F6: Total | G6: Referência | H6: Código da referência
A7: 1 - Mão de Obra
A8: Engenheiro civil de obra pleno com encargos complementares | B8: h | C8: 288 | D8: 118.99 | F8: =D8*C8 -> 34269.12 | G8: SINAPI | H8: 90778
A9: 3 HORAS POR DIA
A10: 2 DIAS POR SEMANA
A11: 4 SEMANAS NO MÊS
A12: 12 MESES DE CONTRATO
A13: ( 3x2x4x12)= 288 horas no contrato
A15: SUBTOTAL | F15: =SUM(F7:F11) -> 34269.12
A16: 4 - Leis Sociais | D16: 0.9092
A18: 5 - BDI - Adicionais sobre custo direto : eventuais,
A19: administração central, impostos, transportes e lucros | D19: 0.309 | F19: =ROUND(F15*D19,2) -> 10589.16
A21: 6 - PREÇO FINAL | F21: =F19+F15 -> 44858.28
C25: GRAZIANI SARDE
C26: Engenheiro Civil - CREA-ES 11150/D

Sheet Det. BDI
A1: DETALHAMENTO DO BDI
A3: PROPONENTE: | B3: Prefeitura de Vila Pavão
A4: OBRA: | B4: CONSTRUÇÃO DE CENTRO DE CONVIVÊNCIA DO IDOSO
A5: CONTRATO: | B5: xxxx.xxx-xx
A7: 1. Regime de Contribuição Previdenciária
B9: Com Desoneração
A11: 2. Tipo de Intervenção
B13: Edificações
A15: 3. Incidências sobre o custo
B17: Administração Central - AC | C17: 4.5 | D17: %
B18: Riscos - R | C18: 0.2 | D18: %
B19: Seguros e Garantias Contratuais - S+G | C19: 1 | D19: %
B20: Despesas e Encargos Financeiros - DF | C20: 2 | D20: %
B22: Lucro - L | C22: 7.9 | D22: %
A24: 4 – Incidências sobre o preço de venda
B26: Despesas Tributárias - I | C26: =C29+C31+C32+C33 -> 11.15 | D26: %
B28: Percentual da base de cálculo para o ISS: | C28: 100 | D28: %
B29: Alíquota do ISS (sobre a base de cálculo): | C29: 3 | D29: %
B31: COFINS | C31: 3 | D31: %
B32: PIS | C32: 0.65 | D32: %
B33: INSS | C33: =IF(B9="Com Desoneração",4.5,0) -> 4.5 | D33: %
A35: 5 – Demonstrativo de cálculo do BDI
B37: BDI= (1+(AC+S+R+G))(1+DF)(1+L)) -1 = | C37: =ROUND((((1+($C$17/100)+($C$19/100)+($C$18/100))*(1+($C$20/100))*(1+($C$22/100)))/(1-$C$26/100)-1),4) -> 0.3093 | E37: =[1]Auxiliar!A17 -> Atende
B38: ( 1- I )
A40: Declaro para os devidos fins que, conforme legislação tributária municipal, a base de cálculo
A41: =CONCATENATE("do ISS para ", B13," é de ",C28," %",", com a respectiva alíquota de ",C29," %") -> do ISS para Edificações é de 100 %, com a respectiva alíquota de 3 %
A43: Declaro para os devidos fins que o regime de Contribuição Previdenciária adotado para
A44: =CONCATENATE("elaboração do orçamento foi ",B9,", e que esta é a alternativa mais adequada para ") -> elaboração do orçamento foi Com Desoneração, e que esta é a alternativa mais adequada para
A45: a Administração Pública.
A49: Engenheiro | B49: GRAZIANI SARDE
A50: CREA/CAU: | B50: 11150/D - ES

Sheet Det. BDI (2)
A1: DETALHAMENTO DO BDI
A3: PROPONENTE: | B3: Prefeitura de Vila Pavão
A4: OBRA: | B4: CONSTRUÇÃO DE CENTRO DE CONVIVÊNCIA DO IDOSO
A5: CONTRATO: | B5: xxxx.xxx-xx
A7: 1. Regime de Contribuição Previdenciária
B9: Sem Desoneração
A11: 2. Tipo de Intervenção
B13: Edificações
A15: 3. Incidências sobre o custo
B17: Administração Central - AC | C17: 0.04 | D17: %
B18: Riscos, Seguros e Garantias Contratuais - R+S+G | C18: 0.0133 | D18: %
B19: Addministração Local - AL | C19: 0 | D19: %
B20: Despesas e Encargos Financeiros - DF | C20: 0.0085 | D20: %
B22: Lucro - L | C22: 0.05 | D22: %
A24: 4 – Incidências sobre o preço de venda
B26: Despesas Tributárias - I | C26: 0.0365 | D26: %
B27: ISS | C27: 0 | D27: %
B28: COFINS | C28: 0.03 | D28: %
B29: PIS | C29: 0.0065 | D29: %
B30: INSS | C30: 0 | D30: %
A32: 5 – Demonstrativo de cálculo do BDI
A34: BDI = [(1+(AC+S+R+G+DF+L+B+AL))/(1-I)-1]x100 | C34: 0.1557
A38: Declaro para os devidos fins que, conforme legislação tributária municipal, a base de cálculo
A39: =CONCATENATE("do ISS para ", B13," é de ",C28," %",", com a respectiva alíquota de ",C29," %") -> do ISS para Edificações é de 0,03 %, com a respectiva alíquota de 0,0065 %
A41: Declaro para os devidos fins que o regime de Contribuição Previdenciária adotado para
A42: =CONCATENATE("elaboração do orçamento foi ",B9,", e que esta é a alternativa mais adequada para ") -> elaboração do orçamento foi Sem Desoneração, e que esta é a alternativa mais adequada para
A43: a Administração Pública.
A47: Engenheiro | B47: GRAZIANI SARDE
A48: CREA/CAU: | B48: 11150/D - ES

Sheet Plan1
